Cogmind - Beta 16 @@@ ROGUE MODE // 2025.12.22 @ 20:48:00 Player: AngelSpirit Result: Escaped! Performance ------------- Evolutions (9) 4500 Regions Visited (32) 6400 Robots Destroyed (413) 2065 Value Destroyed (21213) 21213 Prototype IDs (85) 1700 Alien Tech Used (0) 0 Bonus (19928) 19928 TOTAL SCORE: 55806 Bonus ------- Triggered Max Security 1000 High Alert Combat Kills 5293 Follower Combat Kills 3605 Entered Garrisons 600 Used RIF Installer 1500 Network Hubs Disabled 200 Aligned with FarCom 300 Met Data Miner 300 Triggered Deep Caves Wall 500 Exposed GOLEM Chamber 500 Built Enhanced Grunts 300 A7 Reached Mainframe 300 Met R17 at Cetus 500 Met R17 at Research 2000 Scanned by Researcher 500 Win 3000 Friendly Fire -470 Cogmind --------- Core Integrity 1141/1600 Matter 208/300 Energy 186/190 System Corruption 13% Temperature Cool (8) Movement Hovering (115) Ox1 Location To Epsilon Eridani Parts ------- > --- POWER (2) -------- Light Quantum Reactor > --- PROPULSION (6) --- Gyrokinetic Inverter Improved Antigrav System Improved Antigrav System Combat Linear Gravjet > --- UTILITY (14) ----- Advanced Heat Sink Experimental Coolant Injector Large Storage Unit Improved Melee Analysis Suite Improved Melee Analysis Suite Advanced Target Analyzer Improved Reaction Control System Advanced Cloaking Device Hacking Suite Advanced Hacking Suite System Shield > --- WEAPON (3) ------- Compact Linear Accelerator Shock Maul Power Sword > --- INVENTORY (15) --- Micro Antimatter Reactor Quantum Reactor Wheel Q-thruster Experimental Matter Compressor (2) Relay Coupler [Grunt] (22) Relay Coupler [Brawler] (20) Relay Coupler [Sentry] (20) Zionite Phaser-S Enhanced Quantum Rifle Enhanced Quantum Rifle Advanced Remote Datajack Advanced Remote Datajack Improved Plasma Cutter Peak State ------------ > --- POWER ------------ Assembled Flux Generator > --- PROPULSION ------- Assembled Alloy Leg Assembled Alloy Leg Heavy Shield Leg > --- UTILITY ---------- Assembled Nanovents Assembled Nanovents High-capacity Storage Unit Assembled Biocell Array Assembled Suspension Frame Assembled Combat Suite Experimental Targeting Computer Layered Medium Armor Plating Layered Medium Armor Plating Centrium Medium Armor Plating Centrium Medium Armor Plating Assembled Alloy Armor GOLEM Unit > --- WEAPON ----------- Neutron Cannon Assembled Focal Cannon Assembled Focal Cannon > --- INVENTORY -------- Zionite Light DM Reactor Zionite Light DM Reactor Centrium Leg Heavy Shield Leg Heavy Shield Leg Experimental Coolant Injector Experimental Matter Compressor Centrium Medium Armor Plating Centrium Medium Armor Plating Advanced Point Defense System Advanced Trap Extractor Zionite Phaser-S Zionite Phaser-S Heavy Neutron Cannon Rocket Array Advanced Concussive RPG Advanced Remote Datajack Improved Plasma Cutter [Rating: 198] Favorites ----------- Power Assembled Flux Generator Engine Deuterium Engine Power Core Enhanced Fission Core Reactor Assembled Flux Generator Propulsion Assembled Alloy Leg Treads Improved Heavy Siege Treads Leg Assembled Alloy Leg Wheel Armored Huge Wheel Hover Unit Zionite Glidesys I Flight Unit Impulse Thruster Array Utility Assembled Nanovents Device Assembled Nanovents Storage Huge Storage Unit Processor Improved Signal Interpreter Hackware Relay Coupler [Sentry] Protection Layered Medium Armor Plating Weapon Assembled Focal Cannon Energy Gun Gatling Laser Energy Cannon Assembled Focal Cannon Ballistic Gun Gauss Rifle Ballistic Cannon Compact Mass Driver Launcher Rocket Array Special Weapon Advanced Remote Datajack Impact Weapon Shock Maul Slashing Weapon Power Sword Piercing Weapon Plasma Lance Build | -11 -10 -10 -10 -9 -8 -8 -7 -7 -7 -7 -6 -6 -6 -6 -6 -6 -6 -6 -5 -5 -5 -5 -4 -4 -4 -4 -4 -3 -2 -2 -2 -1 ------- Run | Yrd Mat Min Exi Min Mat Gar Fac Low Low Dat Pro Fac Was Fac Low Low Zio Dee Pro Fac Gar Fac Fac Ext Cet Arc Hub Res Res Gar Tes Acc Slots Evolved 18 | . . . . . 4 . 2 . . . . 2 . . . . . . . 2 . . 2 . . . . 2 2 . . 2 Power 1 | . . . . . . . . . . . . . . . . . . . . 1 . . . . . . . . . . . . Propulsion 4 | . . . . . 1 . . . . . . 1 . . . . . . . . . . . . . . . . . . . 2 Utility 12 | . . . . . 2 . 2 . . . . 1 . . . . . . . 1 . . 2 . . . . 2 2 . . . Weapon 1 | . . . . . 1 . . . . . . . . . . . . . . . . . . . . . . . . . . . Parts Attached 304 | 6 2 . . 2 9 13 22 2 . . . 10 3 49 5 5 13 25 2 . 8 10 6 7 5 4 6 10 . 5 16 59 Power 23 | 1 . . . . . 2 2 1 . . . 1 . 5 . . 1 1 . . . . . . . . . . . . . 9 Engine 8 | 1 . . . . . 2 1 1 . . . 1 . 1 . . . . . . . . . . . . . . . . . 1 Core 6 | . . . . . . . 1 . . . . . . 3 . . 1 . . . . . . . . . . . . . . 1 Reactor 9 | . . . . . . . . . . . . . . 1 . . . 1 . . . . . . . . . . . . . 7 Propulsion 61 | 2 . . . . 1 1 5 . . . . 1 . 4 . 1 5 9 1 . 6 2 2 1 1 . 1 1 . . 5 12 Treads 2 | . . . . . . . . . . . . . . . . . . . . . . . . . . . . . . . 2 . Leg 18 | . . . . . . . . . . . . . . . . . 3 . 1 . 6 2 2 1 1 . 1 . . . 1 . Wheel 21 | 2 . . . . 1 1 5 . . . . 1 . 4 . 1 2 2 . . . . . . . . . . . . . 2 Hover 18 | . . . . . . . . . . . . . . . . . . 7 . . . . . . . . . 1 . . . 10 Flight 2 | . . . . . . . . . . . . . . . . . . . . . . . . . . . . . . . 2 . Utility 147 | 1 1 . . . 3 3 10 1 . . . 5 . 26 2 4 5 12 1 . 1 7 3 6 1 4 4 9 . 4 6 28 Device 56 | . 1 . . . 2 1 4 . . . . 2 . 9 . 1 3 5 1 . . 2 2 2 . 1 2 1 . 1 3 13 Storage 11 | 1 . . . . 1 . 1 . . . . . . 2 . . . 1 . . . 1 . . . . 1 1 . . . 2 Processor 15 | . . . . . . 1 1 . . . . . . 1 1 1 2 . . . . . . . . . . 2 . . . 6 Hackware 31 | . . . . . . . 1 . . . . 1 . 11 . . . . . . . 4 1 2 . 1 1 1 . 2 . 6 Protection 34 | . . . . . . 1 3 1 . . . 2 . 3 1 2 . 6 . . 1 . . 2 1 2 . 4 . 1 3 1 Artifact . | . . . . . . . . . . . . . . . . . . . . . . . . . . . . . . . . . Weapon 73 | 2 1 . . 2 5 7 5 . . . . 3 3 14 3 . 2 3 . . 1 1 1 . 3 . 1 . . 1 5 10 Energy Gun 22 | . . . . . 4 2 1 . . . . 2 . 5 . . . 3 . . . . . . . . . . . . 1 4 Energy Cannon 17 | . . . . 1 1 5 2 . . . . . . 3 1 . . . . . 1 . . . 1 . . . . . 1 1 Ballistic Gun 10 | 2 1 . . 1 . . 1 . . . . . 1 1 . . . . . . . . . . 1 . . . . . . 2 Ballistic Cannon 6 | . . . . . . . . . . . . . . 3 2 . . . . . . . . . . . . . . . . 1 Launcher 7 | . . . . . . . 1 . . . . . 2 . . . 1 . . . . . . . . . 1 . . . 1 1 Special Weapon 7 | . . . . . . . . . . . . 1 . 1 . . 1 . . . . 1 1 . 1 . . . . 1 . . Impact Weapon 1 | . . . . . . . . . . . . . . . . . . . . . . . . . . . . . . . . 1 Slashing Weapon 2 | . . . . . . . . . . . . . . 1 . . . . . . . . . . . . . . . . 1 . Piercing Weapon 1 | . . . . . . . . . . . . . . . . . . . . . . . . . . . . . . . 1 . Special Melee Weapon . | . . . . . . . . . . . . . . . . . . . . . . . . . . . . . . . . . Unidentified Prototypes 32 | . . . . . 1 . 3 . . . . 1 . 1 . . . 10 . . . 1 . . 3 . . 2 . . 5 5 Parts Lost 102 | . . . . . . 5 1 . . . 1 1 . 5 . 1 6 11 3 . 7 7 1 2 1 . 2 2 . 3 24 19 Power 10 | . . . . . . 1 . . . . . 1 . 1 . . 1 . 1 . . 1 . . . . . . . . 2 2 Propulsion 32 | . . . . . . 2 1 . . . 1 . . 1 . . 3 7 . . 1 . . 1 . . 1 . . . 6 8 Utility 44 | . . . . . . . . . . . . . . 1 . 1 2 4 2 . 3 4 1 1 1 . 1 2 . 3 10 8 Weapon 16 | . . . . . . 2 . . . . . . . 2 . . . . . . 3 2 . . . . . . . . 6 1 Highest Loss Streak 15 | . . . . . . 3 1 . . . 1 1 . 2 . 1 3 5 2 . 4 2 1 2 1 . 1 1 . 1 15 6 To Critical Strikes 3 | . . . . . . . . . . . . . . . . . 1 . . . . . . 1 . . . . . . 1 . Average Backups 18 | . 1 2 3 5 6 10 19 23 23 24 24 22 22 23 24 23 23 14 16 16 20 20 19 20 21 21 22 22 18 17 14 10 Power 1 | . . . . . . . . . 1 1 1 1 1 1 1 1 1 1 2 2 2 2 2 2 2 2 2 2 2 2 1 . Propulsion 2 | . . . . . 2 3 1 1 1 1 1 . . 1 4 4 2 . . . 1 4 4 5 4 3 3 3 3 3 2 1 Utility 8 | . . 1 2 2 1 5 9 11 10 12 12 10 10 10 7 7 7 6 9 9 11 9 7 7 7 9 10 9 6 6 5 2 Weapon 6 | . . 1 1 2 2 2 8 11 9 8 8 8 8 9 10 10 10 5 5 5 5 4 4 5 5 6 5 4 4 3 2 3 Tool/Special . | . . . . . . . . . . . . . . . . . . . . . . . . . . . . . . . . . Unused Backups 56 | . . 1 . . 2 2 1 . 3 . 1 1 . 14 . . . 7 . . 3 1 1 1 1 . . 1 . . 4 12 Power 10 | . . . . . . . . . 1 . . 1 . 2 . . . 2 . . 1 . . . . . . . . . 1 2 Propulsion 5 | . . 1 . . . 1 . . . . . . . 1 . . . . . . . . . . . . . . . . 1 1 Utility 25 | . . . . . . 1 1 . . . . . . 6 . . . 4 . . 2 1 1 1 1 . . 1 . . 2 4 Weapon 13 | . . . . . 2 . . . 1 . . . . 5 . . . 1 . . . . . . . . . . . . . 4 Tool/Special 3 | . . . . . . . . . 1 . 1 . . . . . . . . . . . . . . . . . . . . 1 Average Slot Usage (%) 86 | . 93 100 100 100 86 88 93 92 92 72 88 81 85 86 86 86 84 86 91 80 83 85 88 88 89 88 87 84 85 84 77 75 Engine 2 | . 14 14 14 14 9 8 3 7 7 7 7 5 6 1 . . . . . . . . . . . . . . . . . . Core 1 | . . . . . . . 3 . . . . . . 4 6 6 6 5 5 . . . . . . . . . . . . . Reactor 1 | . . . . . . . . . . . . . . . . . . . . 5 5 5 5 5 5 4 5 4 4 4 3 3 Leg 7 | . . . . . . . . . . . . . . . . . 2 3 14 17 19 21 20 21 21 21 19 14 13 13 13 . Wheel 8 | . 28 28 28 28 18 16 18 15 15 15 11 13 13 17 20 15 15 6 . . . . . . . . . . . . . 2 Hover 1 | . . . . . . . . . . . . . . . . . . 10 10 . . . . . . . . . . . . 11 Device 16 | . 7 14 14 14 25 17 14 7 7 7 7 6 13 8 14 13 19 22 19 21 22 17 25 20 21 17 10 21 20 20 20 15 Storage 8 | . 14 14 14 14 9 9 7 7 7 7 7 6 6 6 6 6 6 4 13 11 11 11 10 10 10 10 10 9 8 7 7 4 Processor 3 | . . . . . . 6 1 7 7 7 7 3 . 3 10 10 4 . . . . . . . . . . 2 4 4 2 9 Hackware 3 | . . . . . . . 2 . . . . 5 6 10 . . . . . . . 4 5 9 5 1 5 1 . 1 6 14 Protection 10 | . . . . . . 3 17 22 23 23 23 18 20 11 6 12 8 10 6 5 4 4 5 6 10 16 19 14 21 17 10 . Energy Gun 2 | . . . . . 6 14 2 . . . . . 1 6 . . . 1 . . . . . . . . . . . . . 2 Energy Cannon 8 | . . . . . 4 11 8 7 7 1 7 5 . 1 3 . 3 14 20 17 16 12 10 10 12 10 11 14 13 12 7 . Ballistic Gun 2 | . 28 28 28 27 13 . 5 7 7 1 7 5 1 2 . . . . . . . . . . 1 1 . . . . . 1 Ballistic Cannon 1 | . . . . . . . . . . . . . . 2 16 19 13 1 . . . . . . . . . . . . . . Launcher 1 | . . . . . . . 5 7 7 . 7 6 16 . . . 1 . . . . . . . . . . . . . 1 . Special Weapon 1 | . . . . . . . . . . . . . . 2 . . . . . . . 2 4 4 . 2 2 . . . . . Peak Build Rating 198 | 6 7 7 8 17 33 48 54 56 56 55 55 67 71 93 96 95 97 125 128 130 153 158 167 161 165 170 172 189 198 198 198 158 Average Rating 106 | 4 6 7 7 9 27 38 47 55 55 42 54 62 69 69 90 92 90 92 124 129 143 147 164 155 163 166 165 185 197 193 171 124 On Entrance 91 | . 6 7 7 8 10 33 43 51 56 55 55 54 67 71 91 89 95 93 125 121 130 153 146 161 159 165 166 166 180 198 193 56 Avg Prop Armor Cover (%) 16 | . . . . . . . . . . . . . . . . . 11 6 3 . . . . . . . . . . . 44 28 Naked Turns . | . . . . . . . . . . . . . . . . . . . . . . . . . . . . . . . . . Heaviest Build 192 | 13 15 15 15 23 41 60 129 131 131 131 131 138 144 163 163 154 148 144 152 145 177 179 167 182 182 186 188 192 160 164 161 68 Greatest Support 140 | 32 32 32 32 32 44 44 38 38 38 38 38 56 56 56 52 56 56 60 80 80 120 120 135 115 115 115 120 140 140 140 140 135 Greatest Overweight (x) 10 | . . . . . . 2 4 3 3 3 4 2 2 3 3 2 4 10 2 1 2 2 1 2 2 1 2 2 1 1 1 5 Average Overweight (x) 1 | . . . . . . . 3 3 3 2 3 2 2 2 2 2 2 1 1 1 1 1 1 1 1 1 1 1 1 1 . . Largest Inventory Capacity 25 | 8 8 8 8 8 15 15 25 25 25 25 25 25 25 25 25 25 25 25 25 25 25 25 25 25 25 25 25 25 20 20 20 15 Average Capacity 22 | 6 8 8 8 8 10 15 23 25 25 25 25 25 25 25 25 25 25 18 25 25 25 25 25 25 25 25 25 24 20 20 18 13 Most Carried 25 | . 2 3 4 7 8 15 25 25 25 25 25 23 24 25 25 25 25 25 18 17 25 25 25 25 25 25 25 25 20 20 20 15 Average Carried 20 | . 1 2 3 5 7 12 21 24 24 25 25 22 22 24 25 24 23 14 17 17 21 23 22 23 24 24 24 24 20 19 17 10 Final Capacity 25 | 8 8 8 8 8 15 15 25 25 25 25 25 25 25 25 25 25 25 25 25 25 25 25 25 25 25 25 25 20 20 20 5 15 Final Carried 25 | . 2 3 4 7 8 15 24 25 25 25 25 21 24 25 25 25 23 18 17 17 25 21 25 23 25 25 25 20 20 20 5 14 Class Distribution -------------------- 15% | Golem 11% | Bothacker-Golem 10% | Bothacker-Bomber 9% | Scavenger-Tank 8% | Commander-Golem 6% | Mutant 5% | Scavenger-Golem 4% | Tank 4% | Bothacker-Assassin 4% | Skirmisher 3% | Bomber Dominant Class ---------------- Mutant | -10/Materials Mutant | -10/Mines Mutant | -10/Exiles Mutant | -9/Mines Skirmisher | -8/Materials Skirmisher | -8/Garrison Scavenger-Tank | -7/Factory Tank | -7/Lower Caves Bothacker-Bomber | -7/Lower Caves Bothacker-Mutant | -7/Data Miner Bothacker-Bomber | -6/Proximity Caves Bothacker-Bomber | -6/Factory Bothacker-Bomber | -6/Waste Bothacker-Assassin | -6/Factory Bomber | -6/Lower Caves Derelict-Bomber | -6/Lower Caves Gunner | -6/Zion Scavenger-Tank | -6/Deep Caves Golem | -5/Proximity Caves Golem | -5/Factory Golem | -5/Garrison Bothacker-Golem | -5/Factory Bothacker-Golem | -4/Factory Bothacker-Golem | -4/Extension Commander-Golem | -4/Cetus Commander-Golem | -4/Archives Commander-Golem | -4/Hub_04(d) Golem | -3/Research Scavenger-Golem | -2/Research Scavenger-Golem | -2/Garrison Golem | -2/Testing Wizard-Gladiator | -1/Access Resources | -11 -10 -10 -10 -9 -8 -8 -7 -7 -7 -7 -6 -6 -6 -6 -6 -6 -6 -6 -5 -5 -5 -5 -4 -4 -4 -4 -4 -3 -2 -2 -2 -1 ----------- Run | Yrd Mat Min Exi Min Mat Gar Fac Low Low Dat Pro Fac Was Fac Low Low Zio Dee Pro Fac Gar Fac Fac Ext Cet Arc Hub Res Res Gar Tes Acc Matter Collected 13673 | 228 100 40 . 169 . 435 576 174 30 . 148 288 625 2946 282 749 1389 1340 457 . 245 573 140 180 107 110 433 168 35 95 383 1228 Remotely . | . . . . . . . . . . . . . . . . . . . . . . . . . . . . . . . . . Salvage Created 19938 | . 21 . . 133 . 867 905 82 43 . 431 301 1244 2171 290 625 329 984 380 . 1287 2166 772 930 405 248 926 243 352 1585 1136 1082 Parts 814 | . 4 . . 12 . 52 37 9 4 . 16 11 3 83 10 19 59 29 12 . 46 90 35 31 17 20 42 14 13 59 35 52 Haulers Intercepted 8 | . . . . . . . . . . . . . . 2 . . . . . . . . 1 2 . . 3 . . . . . Recyclers Shooed 4 | . . . . . . . . . . . . . . 2 . . . . . . . . . 2 . . . . . . . . Parts Field Recycled . | . . . . . . . . . . . . . . . . . . . . . . . . . . . . . . . . . Retrieved Matter . | . . . . . . . . . . . . . . . . . . . . . . . . . . . . . . . . . Parts Self-Destructed 45 | . . . . . . . . 4 3 . 8 . . . 4 13 . . 13 . . . . . . . . . . . . . Prevented 5 | . . . . . . . . . . . . . . . 5 . . . . . . . . . . . . . . . . . Parts Restored . | . . . . . . . . . . . . . . . . . . . . . . . . . . . . . . . . . Kills | -11 -10 -10 -10 -9 -8 -8 -7 -7 -7 -7 -6 -6 -6 -6 -6 -6 -6 -6 -5 -5 -5 -5 -4 -4 -4 -4 -4 -3 -2 -2 -2 -1 ------- Run | Yrd Mat Min Exi Min Mat Gar Fac Low Low Dat Pro Fac Was Fac Low Low Zio Dee Pro Fac Gar Fac Fac Ext Cet Arc Hub Res Res Gar Tes Acc Combat Hostiles Destroyed 329 | . . . . 6 . 19 16 7 1 . 14 4 6 24 8 22 2 30 8 . 20 40 10 9 4 . 13 4 4 22 24 12 Melee 6 | . . . . . . . . . . . . . . 1 . . . . . . . . . . . . . . . . . 5 Guns 47 | . . . . 1 . 11 4 . . . . 4 . 17 . . . 1 . . . 1 . . . . . . . . 1 7 Cannons 179 | . . . . . . 4 2 1 1 . 4 . . 5 4 6 1 14 8 . 20 34 10 9 4 . 10 4 4 16 18 . AOE 87 | . . . . 5 . 2 10 6 . . 10 . 6 . 3 16 1 13 . . . 5 . . . . 3 . . 5 2 . Classes Destroyed 28 | . 1 . . 1 . 3 8 . . . 2 . 1 2 . 1 2 3 . . . 2 . . . . . . . . 2 . Worker 18 | . . . . . . . 3 . . . . 1 . 6 . . . . . . . 3 2 . . . . 1 . . . 2 Builder 5 | . . . . . . . 2 . . . . . . 1 . . . . . . . . . . . . 2 . . . . . Tunneler 6 | . 1 . . 1 . . 1 . . . . 1 . 1 . . . . . . . 1 . . . . . . . . . . Hauler 8 | . . . . . . . . . . . . . . 2 . . . . . . . . 1 2 . . 3 . . . . . Recycler 10 | . . . . . . . 3 . . . . . . 4 . . . . . . . 2 . . . . . . . . . 1 Mechanic 2 | . . . . . . . 2 . . . . . . . . . . . . . . . . . . . . . . . . . Operator 8 | . . . . . . . . . . . . . . 1 . . . . . . . . . 1 . 5 1 . . . . . Watcher 9 | . . . . . . . 1 . . . . 1 . 1 . . . . . . . 1 2 1 . . . 1 1 . . . Swarmer 48 | . . . . 6 . 7 1 7 . . 2 . . 5 3 4 . . 4 . . . 3 . . . . 2 . 4 . . Grunt 93 | . . . . . . 6 8 . . . 3 3 . 9 4 10 . . 4 . 5 11 5 4 . . 3 . 4 6 7 1 Brawler 10 | . . . . . . . 1 . . . 3 . . . . 1 . . . . . 1 . . . . 1 . . . 3 . Duelist 20 | . . . . . . . 3 . . . 2 . . . . 2 . . . . 7 1 . . . . . . . . 5 . Protector 5 | . . . . . . . . . . . 1 . . . . 1 . . . . . . . . . . 3 . . . . . Sentry 30 | . . . . . . 4 1 . . . 1 1 . 3 . 2 . . . . 7 1 . 3 . . . . . 5 . 2 Specialist 2 | . . . . . . . . . . . . . . . . . . . . . . 2 . . . . . . . . . . Hunter 15 | . . . . . . . . . . . 1 . . 2 1 . . . . . 1 . . . . . 1 1 . 5 1 2 Programmer 47 | . . . . . . . 2 . 1 . 1 . . 7 . 1 . . . . . 14 2 2 . . 2 1 . 1 6 7 Heavy 1 | . . . . . . . . . . . . . . . . . . . . . . 1 . . . . . . . . . . Behemoth 3 | . . . . . . 2 . . . . . . . . . . . . . . . . . . . . . . . 1 . . Compactor 6 | . . . . . . . . . . . . . 6 . . . . . . . . . . . . . . . . . . . Cetus Guard 4 | . . . . . . . . . . . . . . . . . . . . . . . . . 4 . . . . . . . Lightning 3 | . . . . . . . . . . . . . . . . . . . . . . . . . . . 3 . . . . . Investigator 1 | . . . . . . . . . . . . . . . . . . . . . . . . . . . . . . . 1 . Striker 2 | . . . . . . . . . . . . . . . . . . . . . . . . . . . . . . . 2 . Zionite 41 | . . . . . . . . . . . . . . . . . 41 . . . . . . . . . . . . . . . Z-Technician 5 | . . . . . . . . . . . . . . . . . . 5 . . . . . . . . . . . . . . Z-Light 9 | . . . . . . . . . . . . . . . . . . 9 . . . . . . . . . . . . . . Decomposer 1 | . . . . . . . . . . . . . . . . 1 . . . . . . . . . . . . . . . . Tinkerer 1 | . . . . . . . . . . . . . . . . . 1 . . . . . . . . . . . . . . . Assembled 28 | . . . . . . . . . . . . . . . . . . 19 . . . 9 . . . . . . . . . . Golem 2 | . . . . . . . . . . . . . . . . . . 2 . . . . . . . . . . . . . . Thug 2 | . . . . . . . . . . . . . . . . . . . . . . . . . 1 1 . . . . . . Butcher 1 | . . . . . . . . . . . . . . . . . . . . . . . . . 1 . . . . . . . Mutant 2 | . . . . . . . . . . . . . . . . 1 1 . . . . . . . . . . . . . . . Best Kill Streak 12 | . 1 . . 4 . 3 11 4 1 . 12 3 4 5 3 7 11 8 4 . 11 7 9 2 2 2 8 2 4 4 8 4 Combat Bots Only 12 | . . . . 4 . 3 9 4 1 . 12 2 4 5 3 7 1 6 4 . 11 5 8 2 2 . 6 2 4 4 8 4 Max Kills in Single Turn 5 | . 1 . . 4 . 2 5 3 1 . 3 1 1 2 2 5 4 5 1 . 2 3 2 1 1 1 2 2 1 3 2 1 Gunslinging 1 | . . . . . . 1 . . . . . . . 1 . . . . . . . . . . . . . . . . . . Exploded 5 | . . . . 4 . 2 3 3 . . 3 . 1 . 2 5 1 4 . . . 2 . . . . 1 . . 3 2 . Melee 1 | . . . . . . . . . . . . . . 1 . . . . . . . . . . . . . . . . . 1 Uniques/NPCs Destroyed 1 | . . . . . . . . . . . . . . . . . 1 . . . . . . . . . . . . . . . Imprinter (-6/Zion) Combat | -11 -10 -10 -10 -9 -8 -8 -7 -7 -7 -7 -6 -6 -6 -6 -6 -6 -6 -6 -5 -5 -5 -5 -4 -4 -4 -4 -4 -3 -2 -2 -2 -1 -------- Run | Yrd Mat Min Exi Min Mat Gar Fac Low Low Dat Pro Fac Was Fac Low Low Zio Dee Pro Fac Gar Fac Fac Ext Cet Arc Hub Res Res Gar Tes Acc Hostile Shots Fired 2082 | . 1 5 . 8 . 98 65 5 2 . 42 36 . 196 34 72 91 68 78 . 88 134 83 40 55 3 65 11 8 130 480 184 Missed 634 | . . . . 4 . 38 20 2 . . 12 13 . 71 10 24 33 16 17 . 23 40 17 8 15 2 17 2 6 60 141 43 Hits 1448 | . 1 5 . 4 . 60 45 3 2 . 30 23 . 125 24 48 58 52 61 . 65 94 66 32 40 1 48 9 2 70 339 141 Melee 70 | . . . . . . . 1 . . . . . . . . . 8 1 . . 17 1 . . . . 3 . . . 33 6 Projectile 1378 | . 1 5 . 4 . 60 44 3 2 . 30 23 . 125 24 48 50 51 61 . 48 93 66 32 40 1 45 9 2 70 306 135 AOE 3 | . . . . . . . . . . . . . . . . . . . . . . 1 1 . . . . . . . 1 . Critical Strikes 91 | . . . . . . 2 1 . . . . 2 . 1 . 1 1 1 2 . 4 6 4 5 10 . 9 2 . 1 29 10 Actively Blocked 15 | . . . . . . . . . . . . . . . . . . . . . . . 4 . 10 . . . . . . 1 Part Disruptions 5 | . . . . . . . . . . . . . . 1 . . . . . . . 2 . 1 . . . . . . 1 . Damage Taken 28269 | . 11 36 . 28 . 1185 701 72 30 . 552 394 96 1531 272 886 1162 1559 965 . 1628 1723 1245 750 674 18 1317 267 38 1655 6377 3097 Core 2928 | . . . . 9 . 213 88 . . . 34 66 . 131 27 58 47 87 48 . 149 147 80 61 12 . 145 . . 164 903 459 Absorbed by Shields 1830 | . . . . . . . . . . . . . . 24 105 . . . . . 89 . . 42 228 . . . . . 1342 . Redirected to Shielding 306 | . . . . . . . . . . . . . . . . . . 207 . . . . . . . . . . . . . 99 Ignored by Resistances 3392 | . . . . . . . . . . . 30 . . 207 64 . 136 . 145 . 230 336 258 118 184 4 260 54 8 329 764 265 Regen/Repaired (Parts) 982 | . . . . . . . 524 . . . . 238 . 220 . . . . . . . . . . . . . . . . . . Core Remaining (%) 72 | 100 . . . 96 . 61 . . . . 82 . . . . . . . 45 . . 70 . . . . 74 100 . . 26 71 Volleys Fired 1166 | . 4 1 . 6 . 113 70 4 3 . 21 27 9 119 16 26 124 73 24 . 65 101 40 48 17 15 61 15 8 51 57 48 Largest 3 | . 2 2 . 2 . 3 3 2 2 . 2 2 3 2 3 3 3 3 3 . 3 3 2 2 3 2 3 3 3 3 3 3 Hottest 243 | . 40 40 . 80 . 235 235 58 118 . 118 108 135 160 162 162 218 243 75 . 75 75 50 50 85 50 140 140 140 160 195 163 Shots Fired 1974 | . 8 2 . 11 . 170 102 6 4 . 35 44 19 199 26 55 181 92 39 . 104 183 62 85 46 28 119 30 24 117 94 89 Gun 442 | . 8 2 . 9 . 101 43 2 3 . 16 30 . 122 . . . 2 . . . 6 . . 8 . 3 . . . 13 74 Cannon 1395 | . . . . 2 . 69 55 2 1 . 14 14 . 52 24 49 167 83 39 . 104 162 57 76 38 26 102 30 24 114 80 11 Launcher 70 | . . . . . . . 4 2 . . 5 . 19 . 2 6 14 7 . . . 4 . . . . 4 . . 2 1 . Special 67 | . . . . . . . . . . . . . . 25 . . . . . . . 11 5 9 . 2 10 . . 1 . 4 Kinetic 353 | . 8 2 . 9 . . 26 2 3 . 16 17 . 81 12 49 54 2 . . . . . . 8 . 3 . . . . 61 Thermal 1318 | . . . . . . 87 72 2 1 . 14 27 . 92 4 . 113 29 39 . 104 162 57 76 38 26 102 30 24 114 80 25 Explosive 70 | . . . . . . . 4 2 . . 5 . 19 . 2 6 14 7 . . . 4 . . . . 4 . . 2 1 . Electromagnetic 146 | . . . . 2 . 83 . . . . . . . 1 8 . . 52 . . . . . . . . . . . . . . Phasic 21 | . . . . . . . . . . . . . . . . . . 2 . . . 6 . . . . . . . . 13 . Robot Hit Streak 24 | . 2 1 . 1 . 12 8 1 2 . 10 8 10 24 9 9 9 6 9 . 23 16 20 16 10 6 18 9 8 20 20 13 Robot Miss Streak 8 | . 1 1 . 5 . 6 2 8 1 . 3 3 2 6 2 4 6 7 3 . 2 5 2 2 2 3 2 2 2 2 2 3 Penetration Max 1 | . . . . . . . . . . . . . . 1 . . . . . . . . . . 1 . . . . . . 1 Secondary Targets 7 | . . . . . . 1 . . . . . . . 3 . . . . . . . . . . . . . . . . . 3 Max Gunslinging Chain 1 | . . . . . . 1 . . . . . . . 1 . . . . . . . . . . . . . . . . . 1 Capacitor 121 | . . . . . . . . . . . . . . . . . 88 33 . . . . . . . . . . . . . . Shots Hit Robots 1295 | . 5 1 . 2 . 82 55 2 2 . 22 31 17 157 16 35 103 44 26 . 70 115 46 64 29 17 89 17 15 81 68 84 Core Hits 1012 | . 2 1 . 8 . 36 66 9 1 . 54 17 20 90 16 76 75 76 9 . 29 84 25 24 14 9 106 9 10 50 63 33 Critical Kills 15 | . . . . . . . 1 . . . . . . 10 . . . . . . . . . . . . . . . . 4 . Critical Parts Destroyed 22 | . 1 . . . . . . . . . 1 . . 14 . . . . . . . . . . 2 . 1 . . . . 3 Critical Strikes 59 | . 1 . . . . 2 1 . . . 1 . . 26 1 3 3 2 . . . 1 . . 2 . 1 . . . 4 11 Burn 2 | . . . . . . 1 . . . . . . . 1 . . . . . . . . . . . . . . . . . . Meltdown 4 | . . . . . . . . . . . . . . . . . . . . . . . . . . . . . . . 4 . Destroy 35 | . 1 . . . . . 1 . . . 1 . . 25 . . . . . . . . . . 2 . 1 . . . . 4 Blast 8 | . . . . . . . . . . . . . . . . 3 3 1 . . . . . . . . . . . . . 1 Corrupt 3 | . . . . . . 1 . . . . . . . . 1 . . 1 . . . . . . . . . . . . . . Sever 6 | . . . . . . . . . . . . . . . . . . . . . . . . . . . . . . . . 6 Intensify 1 | . . . . . . . . . . . . . . . . . . . . . . 1 . . . . . . . . . . Melee Attacks 109 | . . . . . . . . . . . . . . 47 . . . . . . . . . . . . . . . . 2 60 Impact 12 | . . . . . . . . . . . . . . . . . . . . . . . . . . . . . . . . 12 Slashing 97 | . . . . . . . . . . . . . . 47 . . . . . . . . . . . . . . . . 2 48 Piercing . | . . . . . . . . . . . . . . . . . . . . . . . . . . . . . . . . . Sneak Attacks 13 | . . . . . . . . . . . . . . 9 . . . . . . . . . . . . . . . . . 4 Combat Hostiles 3 | . . . . . . . . . . . . . . 1 . . . . . . . . . . . . . . . . . 2 Follow-up Attacks 4 | . . . . . . . . . . . . . . . . . . . . . . . . . . . . . . . . 4 Damage Inflicted 68671 | . 71 21 . 354 . 2005 2830 458 91 . 1852 652 3824 3690 706 3160 5171 5091 1266 . 3412 7577 1973 2622 1651 724 5886 804 652 3924 5285 2919 Guns 6567 | . 71 21 . 39 . 1048 587 . 26 . 125 572 . 2050 . . . 33 . . . 74 . . 150 . 23 . . . 330 1418 Cannons 38598 | . . . . . . 473 531 28 65 . 325 80 . 385 609 1180 3538 1542 1266 . 3412 5706 1973 2585 1501 715 3681 804 652 3534 3898 115 Explosions 21283 | . . . . 315 . 484 1712 430 . . 1402 . 3824 471 97 1980 1633 3516 . . . 1797 . . . . 2181 . . 390 1051 . Melee 2170 | . . . . . . . . . . . . . . 784 . . . . . . . . . . . . . . . . . 1386 Ramming 53 | . . . . . . . . . . . . . . . . . . . . . . . . 37 . 9 1 . . . 6 . Kinetic 4881 | . 71 21 . 39 . . 271 . 26 . 125 281 . 632 206 1180 764 80 . . . . . . 150 . 23 . . . . 1012 Thermal 40846 | . . . . . . 763 847 28 65 . 325 371 . 1793 167 . 3229 2770 1266 . 3412 5851 1973 2585 1501 715 3681 804 652 3629 3898 521 Explosive 16947 | . . . . . . . 1712 430 . . 1402 . 3824 . 97 1980 1178 1145 . . . 1652 . . . . 2181 . . 295 1051 . Electromagnetic 3337 | . . . . 315 . 1242 . . . . . . . 481 236 . . 1063 . . . . . . . . . . . . . . Impact 424 | . . . . . . . . . . . . . . . . . . . . . . . . . . . . . . . . 424 Slashing 1746 | . . . . . . . . . . . . . . 784 . . . . . . . . . . . . . . . . . 962 Piercing . | . . . . . . . . . . . . . . . . . . . . . . . . . . . . . . . . . Phasic 437 | . . . . . . . . . . . . . . . . . . 33 . . . 74 . . . . . . . . 330 . Highest Corruption 30 | . . . . 4 . 13 1 1 1 1 1 1 19 30 12 12 7 7 7 . 8 10 . 1 1 1 15 4 . 3 14 13 Average Corruption 6 | . . . . 1 . 4 1 1 1 1 1 1 13 13 12 8 4 6 7 . 8 8 . 1 1 1 6 3 . 2 4 10 Corruption Purged 41 | . . . . . . . . . . . . . . 28 . 5 . . . . . . . . . 1 7 . . . . . Corruption Blocked . | . . . . . . . . . . . . . . . . . . . . . . . . . . . . . . . . . Effects 533 | . . . . 1 . 30 . 4 13 1 7 1 9 109 28 32 9 61 31 . 42 54 . 2 3 3 11 24 . 10 12 36 Message Errors 101 | . . . . . . 5 . 1 3 . 1 . 4 24 6 6 1 8 6 . 10 9 . 2 3 1 2 1 . 2 1 5 Matter Fused 134 | . . . . . . 9 . 1 3 1 2 1 . 30 6 10 2 18 12 . 5 12 . . . . 3 7 . 4 2 6 Heat Flow Errors 65 | . . . . . . 2 . 1 2 . 2 . . 13 2 4 1 8 2 . 5 7 . . . 1 . 3 . 1 2 9 Energy Discharges 72 | . . . . 1 . 2 . 1 1 . 1 . 1 14 6 4 2 10 1 . 6 7 . . . 1 2 4 . 3 1 4 Parts Rejected 4 | . . . . . . . . . . . . . . 3 1 . . . . . . . . . . . . . . . . . Parts Fused 5 | . . . . . . . . . . . . . . 2 . . . . 1 . . . . . . . . 1 . . 1 . Data Loss (minor) 71 | . . . . . . 4 . . 3 . 1 . 2 9 5 3 2 8 2 . 9 9 . . . . 1 6 . . 2 5 Data Loss (major) 23 | . . . . . . 3 . . . . . . . 7 1 1 . 3 1 . 2 2 . . . . 1 . . . 1 1 Misfires 24 | . . . . . . . . . . . . . . 5 . 3 1 4 2 . 1 3 . . . . 1 1 . . 1 2 Alerts 15 | . . . . . . 2 . . 1 . . . . 2 . . . 1 3 . . 3 . . . . . . . . 1 2 Misdirections 2 | . . . . . . . . . . . . . 1 . . . . . . . . . . . . . . . . . . 1 Weapon Failures 17 | . . . . . . 3 . . . . . . 1 . 1 1 . 1 1 . 4 2 . . . . 1 1 . . . 1 Overload Shots 22 | . . . . . . . 1 . 1 . 4 9 . 7 . . . . . . . . . . . . . . . . . . Effects 2 | . . . . . . . 1 . . . . . . 1 . . . . . . . . . . . . . . . . . . Heat Surge 1 | . . . . . . . . . . . . . . 1 . . . . . . . . . . . . . . . . . . Short Circuit 1 | . . . . . . . 1 . . . . . . . . . . . . . . . . . . . . . . . . . Overflow Damage 3145 | . . . . 5 . 32 36 9 . . . . . 202 . 42 140 939 107 . 78 467 18 23 21 14 236 67 . 29 407 273 Projectiles 1616 | . . . . . . 18 13 . . . . . . . . 42 125 79 107 . 78 373 18 17 21 14 236 67 . 12 396 . Explosions 1112 | . . . . 5 . 14 23 9 . . . . . 41 . . 15 860 . . . 94 . . . . . . . 17 11 23 Melee 417 | . . . . . . . . . . . . . . 161 . . . . . . . . . 6 . . . . . . . 250 Knockbacks 23 | . . . . . . . . . . . . . . 8 2 3 8 . . . . . . 1 . . . . . . . 1 Impact 2 | . . . . . . . . . . . . . . . . . . . . . . . . 1 . . . . . . . 1 Kinetic 20 | . . . . . . . . . . . . . . 7 2 3 8 . . . . . . . . . . . . . . . Secondary 1 | . . . . . . . . . . . . . . 1 . . . . . . . . . . . . . . . . . . Self-Inflicted Damage 1662 | . . . . . . 28 61 31 . . . . 97 96 57 35 351 400 . . . 52 . . . . 19 . . 236 148 51 Shots 57 | . . . . . . 1 3 2 . . . . 4 1 2 2 21 1 . . . 3 . . . . 1 . . 9 6 1 Rammed . | . . . . . . . . . . . . . . . . . . . . . . . . . . . . . . . . . Targets Rammed 5 | . . . . . . . . . . . . . . . . . . . . . . . . 2 . 1 1 . . . 1 . Kicked 5 | . . . . . . . . . . . . . . . . . . . . . . . . 2 . 1 1 . . . 1 . Crushed . | . . . . . . . . . . . . . . . . . . . . . . . . . . . . . . . . . Highest Temperature 444 | . . . . 20 . 444 315 137 224 . 131 17 . 370 137 174 198 198 220 . 210 233 . . . 226 12 170 . 59 260 156 Average Temperature 83 | . . . . 13 . 87 60 79 85 . 48 12 . 110 44 49 109 62 87 . 100 106 . . . 139 5 91 . 19 73 40 Received Heat Transfer 4868 | . 6 . . . . 636 231 . . . 66 201 . 336 53 325 63 252 397 . 231 388 261 134 17 . 60 9 . 198 842 162 Effects 13 | . . . . . . 8 . . . . . . . 4 . . . . . . . . . . . . . . . . 1 . Shutdowns 1 | . . . . . . 1 . . . . . . . . . . . . . . . . . . . . . . . . . . Energy Bleed 4 | . . . . . . 2 . . . . . . . 1 . . . . . . . . . . . . . . . . 1 . Interference 8 | . . . . . . 5 . . . . . . . 3 . . . . . . . . . . . . . . . . . . Siege Activations . | . . . . . . . . . . . . . . . . . . . . . . . . . . . . . . . . . Martial Activations . | . . . . . . . . . . . . . . . . . . . . . . . . . . . . . . . . . Shielding Activations 2 | . . . . . . . . . . . . . . . . . . . . . . . . . . . 1 . . 1 . . Total Turns 14 | . . . . . . . . . . . . . . . . . . . . . . . . . . . 3 . . 11 . . Longest Duration 11 | . . . . . . . . . . . . . . . . . . . . . . . . . . . 3 . . 11 . . Robots Disrupted 1 | . . . . . . . . . . . . . . . . . . . . . . . . . . . . . . . 1 . Combat Hostiles . | . . . . . . . . . . . . . . . . . . . . . . . . . . . . . . . . . Robots Corrupted 7 | . . . . . . 1 . . . . . . . 1 1 . . 3 . . . . . . . . . . . . . 1 Combat Hostiles 5 | . . . . . . 1 . . . . . . . . 1 . . 3 . . . . . . . . . . . . . . Parts Fried 11 | . . . . . . 2 . . . . . . . 1 2 . . 4 . . . . . . . . . . . . . 2 Impact Corruptions 7 | . . . . . . . . . . . . . . . . . . . . . . . . 1 . . . . . . . 6 Robots Melted 8 | . . . . . . 1 . . . . . . . 2 . . . . . . . . . . . . . . . 1 4 . Combat Hostiles 6 | . . . . . . 1 . . . . . . . 1 . . . . . . . . . . . . . . . 1 3 . Parts Melted 39 | . . . . . . . 3 . . . 3 1 . 10 . . . . . . 6 9 . 1 . . . . . 2 4 . Heat Transferred 22773 | . . . . . . 1384 1481 37 50 . 372 761 . 4050 . . 200 . 700 . 1850 2800 916 1487 825 400 1628 275 250 1350 1421 536 Parts Sabotaged 1 | . . . . . . . . . . . . . . . . . . . . . . . . . . . . . . . 1 . Parts Stolen . | . . . . . . . . . . . . . . . . . . . . . . . . . . . . . . . . . Parts Stripped . | . . . . . . . . . . . . . . . . . . . . . . . . . . . . . . . . . Power Chain Reactions 10 | . . . . . . 1 . . . . . . . . . . 8 . . . . . . . . . . . . 1 . . Latent Energy Used 1263 | . . . . 207 . 627 . . . . . . . 196 . . . 233 . . . . . . . . . . . . . . LE Corruption 24 | . . . . 4 . 13 . . . . . . . 3 . . . 4 . . . . . . . . . . . . . . Alert | -11 -10 -10 -10 -9 -8 -8 -7 -7 -7 -7 -6 -6 -6 -6 -6 -6 -6 -6 -5 -5 -5 -5 -4 -4 -4 -4 -4 -3 -2 -2 -2 -1 ------- Run | Yrd Mat Min Exi Min Mat Gar Fac Low Low Dat Pro Fac Was Fac Low Low Zio Dee Pro Fac Gar Fac Fac Ext Cet Arc Hub Res Res Gar Tes Acc Maximum Alert Level 5 | . . . . . . 4 4 . . . . . . 2 . . . . . . 4 4 3 3 2 1 2 1 . 3 5 5 Low Security (%) 33 | 100 100 100 . 100 100 12 . . . . . 100 100 66 . . . . . 100 28 . . 6 . 93 67 69 100 24 . . Level 1 11 | . . . . . . 7 . . . . . . . 24 . . . . . . 10 . . 48 13 6 1 30 . 9 . . Level 2 24 | . . . . . . 25 . . . . . . . 9 . . . . . . 26 69 95 22 86 . 31 . . 41 . . Level 3 15 | . . . . . . 29 97 . . . . . . . . . . . . . 27 2 4 22 . . . . . 24 . . Level 4 12 | . . . . . . 24 2 . . . . . . . . . . . . . 7 28 . . . . . . . . . 97 Level 5 . | . . . . . . . . . . . . . . . . . . . . . . . . . . . . . . . . 2 High Security . | . . . . . . . . . . . . . . . . . . . . . . . . . . . . . . . . . Max Security 2 | . . . . . . . . . . . . . . . . . . . . . . . . . . . . . . . 99 . Peak Influence 2692 | . 5 1 . 122 37 1494 1111 . . . . 91 76 524 . . . . . 6 1108 1477 711 882 516 266 632 346 92 799 2692 1615 Initial 1615 | . . 1 . . 37 2 784 . . . . 87 14 18 . . . . . 6 . 581 711 290 480 150 . 331 4 13 449 1615 Average 551 | . . . . 13 15 751 945 . . . . 50 32 143 . . . . . 5 523 772 602 471 450 57 206 149 35 467 1861 1506 Influence Increases 15094 | . 5 . . 177 4 1642 879 160 30 . 295 230 128 1155 180 480 . . 180 . 1202 1681 302 1328 375 258 1178 150 118 856 1332 769 Destroy 0b10 Robot/C 7120 | . . . . 120 . 740 360 140 20 . 260 80 . 560 160 400 . . 160 . 640 720 200 580 160 80 400 80 80 440 500 240 Destroy 0b10 Robot/NC 445 | . 5 . . 5 . . 65 . . . 5 15 . 100 . 5 . . . . . 55 25 30 10 25 70 10 5 . . 15 Destroy Leader 974 | . . . . 20 . 20 82 20 10 . 30 22 . 158 20 40 . . 20 . 30 134 26 42 . . 76 32 12 50 70 60 Allied During Kill 1701 | . . . . . . 159 7 . . . . 2 . 58 . 5 . . . . 109 68 . 622 170 105 392 . . . . 4 Trap Triggered on 0b10 60 | . . . . . . . 60 . . . . . . . . . . . . . . . . . . . . . . . . . Successful Hack 439 | . . . . . 4 30 57 . . . . 12 . 138 . . . . . . 14 6 16 . . . 45 8 . 28 . 81 Select Force Hacks 60 | . . . . . . . . . . . . . . 30 . . . . . . . . . . . . . . . . . 30 Disable Machine 870 | . . . . 15 . . 165 . . . . 75 . 30 . . . . . . . 360 . . 15 30 90 . . . 45 45 Anti-Garrison Action 750 | . . . . . . 400 . . . . . . . . . . . . . . 250 . . . . . . . . 100 . . Destroy Structure 1460 | . . . . 17 . 158 68 . . . . 9 98 66 . . . . . . 129 308 20 54 20 18 90 20 21 163 57 144 Partial Spotted 45 | . . . . . . . . . . . . . 30 . . . . . . . . . . . . . . . . 15 . . Lose Combat Pursuer 1170 | . . . . . . 135 15 . . . . 15 . 15 . 30 . . . . 30 30 15 . . . 15 . . 60 660 150 Influence Decreases 14755 | . . 5 . 79 98 152 1328 618 522 95 156 328 143 665 480 432 264 . 170 10 94 1335 1163 1063 858 633 546 773 109 75 590 1971 Entered New Map 5875 | . . 4 . . 61 2 710 388 112 95 . 52 27 8 192 42 264 . . 4 . 527 743 303 378 225 . 301 5 5 350 1077 Time Decay 6557 | . . 1 . 79 37 . 568 230 410 . 146 246 97 557 278 380 . . 140 6 . 598 410 530 310 198 246 452 104 . . 534 Lost Part 824 | . . . . . . 50 10 . . . 10 10 . 40 . 10 . . 30 . 54 70 10 20 10 . 20 20 . 30 240 190 Lost Ally 1049 | . . . . . . 100 40 . . . . 20 19 60 10 . . . . . 40 140 . 60 160 60 280 . . 40 . 20 Purge Threat 450 | . . . . . . . . . . . . . . . . . . . . . . . . 150 . 150 . . . . . 150 Squads Dispatched 107 | . . . . . . . 12 . . . 1 2 . 20 . 1 . . . . . 16 2 1 . . 5 6 . . 30 11 Investigation 15 | . . . . . . . 3 . . . . 2 . 6 . . . . . . . . . . . . . 2 . . . 2 Extermination 20 | . . . . . . . 2 . . . . . . 5 . . . . . . . 4 1 . . . 3 . . . . 5 Reinforcement 23 | . . . . . . . 3 . . . . . . 5 . . . . . . . 9 . 1 . . 1 4 . . . . Assault 45 | . . . . . . . 4 . . . 1 . . . . 1 . . . . . 3 1 . . . 1 . . . 30 4 Garrison 4 | . . . . . . . . . . . . . . 4 . . . . . . . . . . . . . . . . . . Intercept . | . . . . . . . . . . . . . . . . . . . . . . . . . . . . . . . . . Searches Triggered . | . . . . . . . . . . . . . . . . . . . . . . . . . . . . . . . . . Unchained Authorized 1 | . . . . . . . . . . . . . . . . . . . . . . . . . . . . . . . . 1 Data Miner Redirects 9 | . . . . . . . . . . . . 1 . 3 . . . . . . . 1 1 . . . . . . . . 3 Construction Impeded 3 | . . . . . . . . . . . . . . 1 . . . . . . . 1 . . . . 1 . . . . . Haulers Reinforced 4 | . . . . . . . . . . . . . . 1 . . . . . . . 2 . . . . . 1 . . . . Active Scanning Responses . | . . . . . . . . . . . . . . . . . . . . . . . . . . . . . . . . . Cargo Convoy Interrupts 1 | . . . . . . . . . . . . . . 1 . . . . . . . . . . . . . . . . . . Stealth | -11 -10 -10 -10 -9 -8 -8 -7 -7 -7 -7 -6 -6 -6 -6 -6 -6 -6 -6 -5 -5 -5 -5 -4 -4 -4 -4 -4 -3 -2 -2 -2 -1 --------- Run | Yrd Mat Min Exi Min Mat Gar Fac Low Low Dat Pro Fac Was Fac Low Low Zio Dee Pro Fac Gar Fac Fac Ext Cet Arc Hub Res Res Gar Tes Acc Distress Signals 21 | . 1 . . 1 . . 1 . . . . . . 2 . . . . . . . 5 . 1 2 . . 6 . . 1 1 Communications Jammed 97 | . . . . . . . . . . . . . . . . . . . . . . . . . 97 . . . . . . . Distress Signals 97 | . . . . . . . . . . . . . . . . . . . . . . . . . 97 . . . . . . . Times Spotted 681 | . 4 5 . 2 . 42 27 4 1 . 13 5 4 55 8 24 45 33 8 . 29 68 19 31 9 15 33 14 5 22 130 26 Peak Tracking Total 46 | . 2 2 . 2 . 4 6 4 1 . 7 3 1 4 3 7 7 18 4 . 12 5 9 6 5 2 8 4 4 5 46 7 Tactical Retreats 34 | . . . . . . 7 1 . . . . 1 . 1 . 2 . 2 . . 2 2 1 . . . 1 . . 3 6 5 Traps | -11 -10 -10 -10 -9 -8 -8 -7 -7 -7 -7 -6 -6 -6 -6 -6 -6 -6 -6 -5 -5 -5 -5 -4 -4 -4 -4 -4 -3 -2 -2 -2 -1 ------- Run | Yrd Mat Min Exi Min Mat Gar Fac Low Low Dat Pro Fac Was Fac Low Low Zio Dee Pro Fac Gar Fac Fac Ext Cet Arc Hub Res Res Gar Tes Acc Traps Triggered 29 | . . . . . . 6 2 . . . . 2 . 6 . . . . . . 3 . . 2 . . 1 . . 5 . 2 Indirectly 1 | . . . . . . 1 . . . . . . . . . . . . . . . . . . . . . . . . . . Trap Hack Attempts . | . . . . . . . . . . . . . . . . . . . . . . . . . . . . . . . . . Triggered . | . . . . . . . . . . . . . . . . . . . . . . . . . . . . . . . . . Disarmed 11 | . . . . . . . . . . . . . . 11 . . . . . . . . . . . . . . . . . . Reprogrammed 11 | . . . . . . . 6 . . . . . . . . . . . . . . . . . . . 5 . . . . . Reused 6 | . . . . . . . 6 . . . . . . . . . . . . . . . . . . . . . . . . . Traps Extracted 5 | . . . . . . . . . . . . . . . . . . . . . . . . . . . 5 . . . . . Installed . | . . . . . . . . . . . . . . . . . . . . . . . . . . . . . . . . . Triggered 6 | . . . . . . . 6 . . . . . . . . . . . . . . . . . . . . . . . . . Most Traps Carried 5 | . . . . . . . . . . . . . . . . . . . . . . . . . . . 5 5 5 5 5 . Machines | -11 -10 -10 -10 -9 -8 -8 -7 -7 -7 -7 -6 -6 -6 -6 -6 -6 -6 -6 -5 -5 -5 -5 -4 -4 -4 -4 -4 -3 -2 -2 -2 -1 ---------- Run | Yrd Mat Min Exi Min Mat Gar Fac Low Low Dat Pro Fac Was Fac Low Low Zio Dee Pro Fac Gar Fac Fac Ext Cet Arc Hub Res Res Gar Tes Acc Machines Disabled 83 | . . . . 1 . 5 11 . . . . 5 . 2 . 2 4 4 . . 6 24 . 2 1 2 6 . . 1 4 3 Max in Single Turn 4 | . . . . 1 . 1 4 . . . . 1 . . . 1 1 2 . . 2 4 . 1 1 1 1 . . 1 1 3 Garrison Access 4 | . . . . . . . 2 . . . . . . 1 . . . . . . . . . . . . . 1 . . . . Garrison Relay 9 | . . . . . . 5 . . . . . . . . . . . . . . 3 . . . . . . . . 1 . . Phase Generator 1 | . . . . . . . . . . . . . . . . . . . . . 1 . . . . . . . . . . . Network Hub 1 | . . . . . . . . . . . . . . . . . . . . . . . . . . . 1 . . . . . Energy Cycler 1 | . . . . . . . . . . . . . . . . . . . . . . . . 1 . . . . . . . . Machines Repaired . | . . . . . . . . . . . . . . . . . . . . . . . . . . . . . . . . . Machines Dismantled 5 | . . . . . . . . . . . . . . . . . 3 . . . . . . . 1 . 1 . . . . . Machines Sabotaged . | . . . . . . . . . . . . . . . . . . . . . . . . . . . . . . . . . Overloaded Fab Kills . | . . . . . . . . . . . . . . . . . . . . . . . . . . . . . . . . . Hacking | -11 -10 -10 -10 -9 -8 -8 -7 -7 -7 -7 -6 -6 -6 -6 -6 -6 -6 -6 -5 -5 -5 -5 -4 -4 -4 -4 -4 -3 -2 -2 -2 -1 --------- Run | Yrd Mat Min Exi Min Mat Gar Fac Low Low Dat Pro Fac Was Fac Low Low Zio Dee Pro Fac Gar Fac Fac Ext Cet Arc Hub Res Res Gar Tes Acc Machines Accessed 86 | . . . 1 . 2 2 14 . 1 4 . 7 . 21 . . 1 . . 1 2 2 4 2 1 . 4 6 1 2 . 8 Terminals 44 | . . . . . . 2 5 . . . . 4 . 11 . . . . . . 2 2 1 2 1 . 4 2 . 2 . 6 Fabricators 4 | . . . . . . . 1 . . . . 1 . 1 . . . . . . . . . . . . . . . . . 1 Repair Stations 8 | . . . . . . . 2 . . . . 1 . 2 . . . . . . . . 2 . . . . 1 . . . . Recycling Units 7 | . . . . . 1 . 2 . . . . . . 2 . . . . . . . . 1 . . . . 1 . . . . Scanalyzers 7 | . . . . . . . 2 . . . . 1 . 3 . . . . . . . . . . . . . 1 . . . . Garrison Access 9 | . . . . . 1 . 2 . . . . . . 2 . . . . . 1 . . . . . . . 1 1 . . 1 Total Hacks 255 | . . . 1 . 4 5 40 . 1 35 . 20 . 54 . . 2 . . 2 3 5 7 6 1 . 13 17 2 4 . 33 Successful 146 | . . . 1 . 2 2 20 . 1 35 . 11 . 33 . . 2 . . 2 1 1 4 2 . . 8 4 2 2 . 13 Failed 106 | . . . . . 2 3 19 . . . . 8 . 20 . . . . . . 2 4 3 4 1 . 5 13 . 2 . 20 Catastrophic 24 | . . . . . . 1 3 . . . . 1 . 1 . . . . . . 1 3 . 2 1 . 1 3 . . . 7 Database Lockouts 3 | . . . . . . . 1 . . . . 1 . 1 . . . . . . . . . . . . . . . . . . Manual 57 | . . . 1 . . 1 7 . . . . 7 . 15 . . . . . . . 3 . 5 1 . 4 6 . . . 7 Terminals 134 | . . . . . . 5 19 . . . . 13 . 27 . . . . . . 3 5 2 6 1 . 13 8 . 4 . 28 Fabricators 12 | . . . . . . . 3 . . . . 3 . 3 . . . . . . . . . . . . . . . . . 3 Repair Stations 19 | . . . . . . . 5 . . . . 2 . 6 . . . . . . . . 4 . . . . 2 . . . . Recycling Units 11 | . . . . . 1 . 4 . . . . . . 4 . . . . . . . . 1 . . . . 1 . . . . Scanalyzers 23 | . . . . . . . 6 . . . . 2 . 11 . . . . . . . . . . . . . 4 . . . . Garrison Access 17 | . . . . . 3 . 3 . . . . . . 3 . . . . . 2 . . . . . . . 2 2 . . 2 Terminal Hacks 79 | . . . 1 . . 2 5 . 1 35 . 4 . 9 . . 2 . . . 1 . 1 2 . . 5 2 . 2 . 7 Record 12 | . . . . . . . . . . 11 . . . . . . . . . . . . . . . . . . . . . 1 Part Schematic 17 | . . . . . . . . . . 13 . 1 . . . . 2 . . . . . . . . . 1 . . . . . Robot Schematic 8 | . . . . . . . . . . 8 . . . . . . . . . . . . . . . . . . . . . . Prototype ID Bank 3 | . . . . . . . . . . 3 . . . . . . . . . . . . . . . . . . . . . . Open Door 2 | . . . . . . . . . 1 . . . . . . . . . . . . . . . . . . . . . . 1 Level Access Points 2 | . . . . . . . . . . . . . . . . . . . . . . . . . . . . 1 . . . 1 Branch Access Points 4 | . . . . . . . . . . . . 1 . 1 . . . . . . . . 1 . . . . 1 . . . . Emergency Access Points 3 | . . . . . . 1 . . . . . . . . . . . . . . 1 . . . . . . . . 1 . . Machine Index 2 | . . . . . . . . . . . . . . 1 . . . . . . . . . . . . . . . . . 1 Terminal Index 1 | . . . . . . . . . . . . . . 1 . . . . . . . . . . . . . . . . . . Fabricator Index 1 | . . . . . . . . . . . . 1 . . . . . . . . . . . . . . . . . . . . Unreport Threat 2 | . . . . . . . . . . . . . . . . . . . . . . . . 1 . . . . . . . 1 Locate Traps 4 | . . . . . . . 1 . . . . 1 . . . . . . . . . . . . . . 1 . . . . 1 Disarm Traps 2 | . . . . . . . . . . . . . . 2 . . . . . . . . . . . . . . . . . . Reprogram Traps 2 | . . . . . . . 1 . . . . . . . . . . . . . . . . . . . 1 . . . . . Recall Extermination 1 | . . . . . . . . . . . . . . . . . . . . . . . . . . . . . . . . 1 Hauler Manifests 1 | . . . . . . . . . . . . . . 1 . . . . . . . . . . . . . . . . . . Registered Components 3 | . . . . . . . 1 . . . . . . 1 . . . . . . . . . 1 . . . . . . . . Registered Prototypes 2 | . . . . . . . . . . . . . . 1 . . . . . . . . . . . . 1 . . . . . Zone Layout 4 | . . . . . . . 2 . . . . . . 1 . . . . . . . . . . . . 1 . . . . . Garrison Registry 1 | . . . . . . . . . . . . . . . . . . . . . . . . . . . . . . 1 . . Security Stations 1 | . . . . . . 1 . . . . . . . . . . . . . . . . . . . . . . . . . . Proto ID Catalog 1 | . . . 1 . . . . . . . . . . . . . . . . . . . . . . . . . . . . . Fabricator Hacks 7 | . . . . . . . . . . . . 2 . 2 . . . . . . . . . . . . . . . . . 3 Network Status 3 | . . . . . . . . . . . . 1 . 1 . . . . . . . . . . . . . . . . . 1 Load Schematic 3 | . . . . . . . . . . . . 1 . 1 . . . . . . . . . . . . . . . . . 1 Build 1 | . . . . . . . . . . . . . . . . . . . . . . . . . . . . . . . . 1 Repair Station Hacks 12 | . . . . . . . 4 . . . . 2 . 4 . . . . . . . . 2 . . . . . . . . . Scan Component 7 | . . . . . . . 2 . . . . 1 . 2 . . . . . . . . 2 . . . . . . . . . Repair 5 | . . . . . . . 2 . . . . 1 . 2 . . . . . . . . . . . . . . . . . . Recycling Unit Hacks 7 | . . . . . 1 . 1 . . . . . . 4 . . . . . . . . 1 . . . . . . . . . Process 1 | . . . . . . . . . . . . . . 1 . . . . . . . . . . . . . . . . . . Report Inventory 2 | . . . . . 1 . . . . . . . . 1 . . . . . . . . . . . . . . . . . . Retrieve Matter 1 | . . . . . . . . . . . . . . 1 . . . . . . . . . . . . . . . . . . Retrieve Components 3 | . . . . . . . 1 . . . . . . 1 . . . . . . . . 1 . . . . . . . . . Scanalyzer 12 | . . . . . . . 4 . . . . 2 . 6 . . . . . . . . . . . . . . . . . . Insert Component 4 | . . . . . . . 1 . . . . 1 . 2 . . . . . . . . . . . . . . . . . . Analyze 3 | . . . . . . . 1 . . . . 1 . 1 . . . . . . . . . . . . . . . . . . Retrieve Study 5 | . . . . . . . 2 . . . . . . 3 . . . . . . . . . . . . . . . . . . Garrison Access Hacks 13 | . . . . . 1 . 3 . . . . . . 2 . . . . . 2 . . . . . . . 2 2 . . 1 Unlock Access 3 | . . . . . 1 . . . . . . . . . . . . . . 1 . . . . . . . . 1 . . . Seal Access 4 | . . . . . . . 2 . . . . . . 1 . . . . . . . . . . . . . 1 . . . . Coupler Status 6 | . . . . . . . 1 . . . . . . 1 . . . . . 1 . . . . . . . 1 1 . . 1 Unauthorized Hacks 16 | . . . . . . . 3 . . . . 1 . 6 . . . . . . . 1 . . . . 3 . . . . 2 Terminals 14 | . . . . . . . 3 . . . . 1 . 5 . . . . . . . 1 . . . . 3 . . . . 1 Assimilate 1 | . . . . . . . . . . . . . . . . . . . . . . 1 . . . . . . . . . . Botnet 11 | . . . . . . . 2 . . . . 1 . 5 . . . . . . . . . . . . 2 . . . . 1 Operators 2 | . . . . . . . 1 . . . . . . . . . . . . . . . . . . . 1 . . . . . Fabricators . | . . . . . . . . . . . . . . . . . . . . . . . . . . . . . . . . . Repair Stations . | . . . . . . . . . . . . . . . . . . . . . . . . . . . . . . . . . Recycling Units . | . . . . . . . . . . . . . . . . . . . . . . . . . . . . . . . . . Scanalyzers . | . . . . . . . . . . . . . . . . . . . . . . . . . . . . . . . . . Garrison Access 2 | . . . . . . . . . . . . . . 1 . . . . . . . . . . . . . . . . . 1 Eject 2 | . . . . . . . . . . . . . . 1 . . . . . . . . . . . . . . . . . 1 Data Cores Recovered 1 | . . . . . . . . . . . . . . . . . . . . . . . . . . . 1 . . . . . Used . | . . . . . . . . . . . . . . . . . . . . . . . . . . . . . . . . . Hacking Detections 65 | . . . . . 1 2 12 . . . . 7 . 16 . . . . . . 1 2 3 2 1 . 4 5 . 2 . 7 Full Trace Events 13 | . . . . . 1 1 2 . . . . 1 . 3 . . . . . . 1 . . . . . . 2 . 1 . 1 Feedback Events 1 | . . . . . . . . . . . . . . . . . . . . . . . . . . . . 1 . . . . Hackware Fried 1 | . . . . . . . . . . . . . . . . . . . . . . . . . . . . 1 . . . . Feedback Blocked . | . . . . . . . . . . . . . . . . . . . . . . . . . . . . . . . . . Robot Schematics Acquired 8 | . . . . . . . . . . 8 . . . . . . . . . . . . . . . . . . . . . . Robots Built . | . . . . . . . . . . . . . . . . . . . . . . . . . . . . . . . . . Authchips . | . . . . . . . . . . . . . . . . . . . . . . . . . . . . . . . . . Time . | . . . . . . . . . . . . . . . . . . . . . . . . . . . . . . . . . Total Robot Build Rating . | . . . . . . . . . . . . . . . . . . . . . . . . . . . . . . . . . Part Schematics Acquired 20 | . . . . . . . 1 . . 13 . 2 . 1 . . 2 . . . . . . . . . 1 . . . . . Parts Built 1 | . . . . . . . . . . . . . . . . . . . . . . . . . . . . . . . . 1 Authchips . | . . . . . . . . . . . . . . . . . . . . . . . . . . . . . . . . . Time 50 | . . . . . . . . . . . . . . . . . . . . . . . . . . . . . . . . 50 Total Part Build Rating 5 | . . . . . . . . . . . . . . . . . . . . . . . . . . . . . . . . 5 Part Studies Acquired 5 | . . . . . . . 2 . . . . . . 3 . . . . . . . . . . . . . . . . . . Parts Repaired 5 | . . . . . . . 2 . . . . 1 . 2 . . . . . . . . . . . . . . . . . . Time 265 | . . . . . . . 75 . . . . 50 . 140 . . . . . . . . . . . . . . . . . . Parts Recycled . | . . . . . . . . . . . . . . . . . . . . . . . . . . . . . . . . . Recycled Matter 273 | . . . . . . . . . . . . . . 273 . . . . . . . . . . . . . . . . . . Retrieved Matter 433 | . . . . . . . . . . . . . . 433 . . . . . . . . . . . . . . . . . . Retrieved Components 2 | . . . . . . . . . . . . . . 1 . . . . . . . . 1 . . . . . . . . . Parts Scanalyzed 4 | . . . . . . . 1 . . . . 1 . 2 . . . . . . . . . . . . . . . . . . Part Schematics Acquired 3 | . . . . . . . 1 . . . . 1 . 1 . . . . . . . . . . . . . . . . . . Parts Damaged . | . . . . . . . . . . . . . . . . . . . . . . . . . . . . . . . . . Bothacking | -11 -10 -10 -10 -9 -8 -8 -7 -7 -7 -7 -6 -6 -6 -6 -6 -6 -6 -6 -5 -5 -5 -5 -4 -4 -4 -4 -4 -3 -2 -2 -2 -1 ------------ Run | Yrd Mat Min Exi Min Mat Gar Fac Low Low Dat Pro Fac Was Fac Low Low Zio Dee Pro Fac Gar Fac Fac Ext Cet Arc Hub Res Res Gar Tes Acc Used RIF Installer 3 | . . . . . . 1 . . . . . . . . . . . . . . 1 . . . . . . . . 1 . . Signal Jammer 1 | . . . . . . . . . . . . . . . . . . . . . 1 . . . . . . . . . . . Patrol Navigation 1 | . . . . . . . . . . . . . . . . . . . . . . . . . . . . . . 1 . . Robots Hacked 42 | . . . . . . . . . . . . . . 17 . . . . . . . 8 1 7 . 1 5 . . 1 . 2 Non-combat 16 | . . . . . . . . . . . . . . 8 . . . . . . . . 1 2 . 1 4 . . . . . Combat 26 | . . . . . . . . . . . . . . 9 . . . . . . . 8 . 5 . . 1 . . 1 . 2 Robot Hacks Applied 51 | . . . . . . . . . . . . . . 19 . . . . . . . 8 4 7 . 2 8 . . 1 . 2 parse_system 6 | . . . . . . . . . . . . . . 3 . . . . . . . 1 1 . . . 1 . . . . . no_distress 11 | . . . . . . . . . . . . . . 2 . . . . . . . . 1 2 . . 6 . . . . . find_fabricator 1 | . . . . . . . . . . . . . . . . . . . . . . . 1 . . . . . . . . . drop_inventory 2 | . . . . . . . . . . . . . . 1 . . . . . . . . 1 . . . . . . . . . ignore_parts 2 | . . . . . . . . . . . . . . 2 . . . . . . . . . . . . . . . . . . purge_threat 1 | . . . . . . . . . . . . . . . . . . . . . . . . . . 1 . . . . . . disable_weapons 2 | . . . . . . . . . . . . . . . . . . . . . . . . 2 . . . . . . . . overwrite_iff 5 | . . . . . . . . . . . . . . 1 . . . . . . . 2 . . . . 1 . . . . 1 streamctrl_high 1 | . . . . . . . . . . . . . . 1 . . . . . . . . . . . . . . . . . . formatsys_low 1 | . . . . . . . . . . . . . . . . . . . . . . . . . . 1 . . . . . . formatsys_high 19 | . . . . . . . . . . . . . . 9 . . . . . . . 5 . 3 . . . . . 1 . 1 Relay Couplers Released 54 | . . . . . . 19 1 . . . . . . 12 . . . . . . 11 . 3 . . . . . . 5 . 3 Ejected 7 | . . . . . . . . . . . . . . 4 . . . . . . . . . . . . . . . . . 3 Machine Destruction 36 | . . . . . . 19 1 . . . . . . . . . . . . . 11 . . . . . . . . 5 . . Programmers 11 | . . . . . . . . . . . . . . 8 . . . . . . . . 3 . . . . . . . . . Attached 20 | . . . . . . . . . . . . . . 10 . . . . . . . 4 1 2 . . 1 . . 2 . . Fabnet Peak Effective % . | . . . . . . . . . . . . . . . . . . . . . . . . . . . . . . . . . Robots Rewired 32 | . . . . . . 6 . . . . 2 . . . . 2 . . . . 4 . . 18 . . . . . . . . Allies Hacked 3 | . . . . . . . 1 . . . . . . . . . . . . . . 1 . . . . 1 . . . . . Hacks Repelled . | . . . . . . . . . . . . . . . . . . . . . . . . . . . . . . . . . Allies | -11 -10 -10 -10 -9 -8 -8 -7 -7 -7 -7 -6 -6 -6 -6 -6 -6 -6 -6 -5 -5 -5 -5 -4 -4 -4 -4 -4 -3 -2 -2 -2 -1 -------- Run | Yrd Mat Min Exi Min Mat Gar Fac Low Low Dat Pro Fac Was Fac Low Low Zio Dee Pro Fac Gar Fac Fac Ext Cet Arc Hub Res Res Gar Tes Acc Total Allies 78 | . . . . 3 . 6 . . . . 2 . 1 11 . 2 . . . . 4 7 . 31 5 1 1 . . 2 . 2 Largest Group 27 | . . . . 3 3 6 2 . . . 2 2 1 5 1 2 2 . . . 4 2 . 27 27 22 18 . . 1 . 1 Highest-Rated Group 1413 | . . . . 40 40 109 70 . . . 61 61 31 274 37 58 58 . . . 272 136 . 1214 1413 1199 945 . . 64 . 64 Highest-Rated Ally 159 | . . . . 16 16 39 39 . . . 32 32 31 113 37 29 29 . . . 68 68 . 159 151 145 96 . . 64 . 64 Total Orders 6 | . . . . . . . . . . . . . . . . . . . 1 . . . . . 5 . . . . . . . STAY 1 | . . . . . . . . . . . . . . . . . . . . . . . . . 1 . . . . . . . FOLLOW 4 | . . . . . . . . . . . . . . . . . . . . . . . . . 4 . . . . . . . EXPLORE 1 | . . . . . . . . . . . . . . . . . . . 1 . . . . . . . . . . . . . Ally Attacks 611 | . . . . . . 132 19 . . . . 2 6 42 . 7 21 . . . 21 50 . 122 55 34 93 . . 4 . 3 Total Damage 16555 | . . . . . . 1556 215 . . . . 226 129 1516 . 54 233 . . . 1475 1944 . 3425 1420 1176 2875 . . 147 . 164 Kills 108 | . . . . . . 20 3 . . . . 1 . 10 . . 4 . . . 12 8 . 23 6 4 17 . . . . . Allies Corrupted 7 | . . . . . . . . . . . . . . 2 . . . . . . . . . . . . 5 . . . . . Allies Melted . | . . . . . . . . . . . . . . . . . . . . . . . . . . . . . . . . . Intel | -11 -10 -10 -10 -9 -8 -8 -7 -7 -7 -7 -6 -6 -6 -6 -6 -6 -6 -6 -5 -5 -5 -5 -4 -4 -4 -4 -4 -3 -2 -2 -2 -1 ------- Run | Yrd Mat Min Exi Min Mat Gar Fac Low Low Dat Pro Fac Was Fac Low Low Zio Dee Pro Fac Gar Fac Fac Ext Cet Arc Hub Res Res Gar Tes Acc Active Infowar (turns) 6810 | . 70 111 212 669 111 891 1521 16 . . . . . 1655 . 559 213 . . . . . 1 470 . . . . . . . 311 Optics 622 | . . . . . . . . . . . . . . . . 559 63 . . . . . . . . . . . . . . . Sensors 1 | . . . . . . . . . . . . . . . . . . . . . . . 1 . . . . . . . . . IFF 2 | . . . . . . . . . . . . . . . . . . . . . . . . 2 . . . . . . . . Terrain 2765 | . . . . . 105 362 25 . . . . . . 1655 . . 150 . . . . . . 468 . . . . . . . . Structural 1512 | . . . . . . . 1496 16 . . . . . . . . . . . . . . . . . . . . . . . . Seismic 2064 | . 70 111 212 669 111 891 . . . . . . . . . . . . . . . . . . . . . . . . . . Cloaking 309 | . . . . . . . . . . . . . . . . . . . . . . . . . . . . . . . . 309 Jamming 84 | . . . . . . . . . . . . . . . . . . . . . . . . . . . . . . . . 84 ECM 2 | . . . . . . . 2 . . . . . . . . . . . . . . . . . . . . . . . . . Robot Analysis Total . | . . . . . . . . . . . . . . . . . . . . . . . . . . . . . . . . . Derelict Logs Recovered 10 | . . . . 2 . . . 2 1 . . . . . 1 2 1 . 1 . . . . . . . . . . . . . Drone Launches 2 | . . . . . . . . . . . . . . . . . . . 2 . . . . . . . . . . . . . Drone Recoveries 1 | . . . . . . . . . . . . . . . . . . . 1 . . . . . . . . . . . . . Exploration | -11 -10 -10 -10 -9 -8 -8 -7 -7 -7 -7 -6 -6 -6 -6 -6 -6 -6 -6 -5 -5 -5 -5 -4 -4 -4 -4 -4 -3 -2 -2 -2 -1 ------------- Run | Yrd Mat Min Exi Min Mat Gar Fac Low Low Dat Pro Fac Was Fac Low Low Zio Dee Pro Fac Gar Fac Fac Ext Cet Arc Hub Res Res Gar Tes Acc Turns Passed 28365 | 41 118 111 212 669 111 1768 1710 496 983 111 425 530 201 3174 618 883 883 2106 1098 22 1151 1904 984 1484 696 522 839 1127 283 1018 575 1512 Spaces Moved 16306 | 34 101 91 212 587 79 1132 1067 384 775 95 261 330 121 2040 452 596 392 1354 464 12 430 766 425 583 207 157 326 537 134 419 244 1499 Core 339 | 3 . . . . . . . . . . . . . . . . . . . . . . . . . . . . . . 55 281 Treads 40 | . . . . . . . . . . . . . . . . . . . . . . . . . . . . . . . . 40 Legs 4746 | . . . . . . . . . . . . . . . . . . 133 464 12 430 766 425 583 207 157 326 537 134 419 153 . Wheels 9451 | 31 101 91 212 587 79 1132 1067 384 775 95 261 330 121 2040 452 596 392 456 . . . . . . . . . . . . . 249 Hover 1694 | . . . . . . . . . . . . . . . . . . 765 . . . . . . . . . . . . . 929 Flight 36 | . . . . . . . . . . . . . . . . . . . . . . . . . . . . . . . 36 . Fastest Speed 40 | 50 100 100 100 100 100 90 105 125 125 110 125 120 120 106 120 120 120 48 183 183 182 182 182 185 190 190 189 189 189 189 45 40 Average Speed 132 | 95 100 100 100 100 100 105 128 125 125 111 136 120 120 116 122 120 126 114 205 183 191 189 185 187 201 190 190 189 189 189 132 60 Slowest Speed 346 | 100 100 100 100 100 100 130 140 125 125 125 150 120 120 135 135 120 155 346 210 183 226 246 190 242 248 190 226 210 189 189 189 270 Overloaded Moves . | . . . . . . . . . . . . . . . . . . . . . . . . . . . . . . . . . Propulsion Burnouts . | . . . . . . . . . . . . . . . . . . . . . . . . . . . . . . . . . Robots Hopped 2 | . . . . . . . . . . . . . . . . . . . . . . . . . . . . . . . 2 . Potential Cave-ins 18 | . . . . . . . . . . . . . . . . . . 2 . . 2 . . . . . . . . . 10 4 Cave-ins Triggered 2 | . . . . . . . . . . . . . . . . . . . . . 1 . . . . . . . . . 1 . Exploration Rate (%) 47 | 3 23 28 63 96 5 98 28 61 89 69 46 12 67 44 54 75 45 77 73 1 60 24 10 82 72 80 29 24 5 57 33 25 Regions Visited 32 Branch Regions 17 Pre-discovered Areas 4 | . . . . 1 . . . 1 . 1 . . . . . 1 . . . . . . . . . . . . . . . . Known Exits Taken 16 | . . . . 1 1 . 1 1 1 1 1 . . 1 1 1 . . 1 1 . 1 1 . . . . 1 1 . . . Unknown Exits Taken 11 | 1 1 1 1 . . . . . . . . . . . . . 1 1 . . . . . 1 1 1 1 . . . 1 . Scrap Searched 25 | . . . . 3 . . . 3 8 . . . . . 4 4 2 . 1 . . . . . . . . . . . . . Spaces Dug 111 | . . . . . . . 8 . . . . 7 . 42 . . . 4 . . 3 3 1 . . . . . . 3 6 34 Terrain Destroyed 1438 | . . . . 20 . 10 58 68 . . 60 8 219 64 59 160 101 101 11 . 84 171 10 13 6 8 35 9 5 50 54 54 Melee 63 | . . . . . . . . . . . . . . 35 . . . . . . . . . . . . . . . . 2 26 Projectile 257 | . . . . . . . 9 1 . . 2 8 . 7 5 22 16 10 11 . 14 43 10 13 6 8 14 9 5 21 14 9 AOE 1117 | . . . . 20 . 10 49 67 . . 58 . 219 21 54 138 85 91 . . 70 128 . . . . 21 . . 29 38 19 Terrain Rammed . | . . . . . . . . . . . . . . . . . . . . . . . . . . . . . . . . . Walls Destroyed . | . . . . . . . . . . . . . . . . . . . . . . . . . . . . . . . . . Machines Disabled . | . . . . . . . . . . . . . . . . . . . . . . . . . . . . . . . . . Actions | -11 -10 -10 -10 -9 -8 -8 -7 -7 -7 -7 -6 -6 -6 -6 -6 -6 -6 -6 -5 -5 -5 -5 -4 -4 -4 -4 -4 -3 -2 -2 -2 -1 --------- Run | Yrd Mat Min Exi Min Mat Gar Fac Low Low Dat Pro Fac Was Fac Low Low Zio Dee Pro Fac Gar Fac Fac Ext Cet Arc Hub Res Res Gar Tes Acc Total 21154 | 39 109 109 212 656 112 1544 1300 392 791 100 291 418 140 2577 489 706 639 1866 575 12 667 1054 568 900 445 356 428 625 145 543 406 1940 Wait 2154 | . 1 15 . 53 7 177 104 . . . 5 38 3 194 10 60 54 281 82 . 97 156 79 88 194 161 10 31 4 32 32 186 Move 16270 | 33 100 90 211 586 79 1131 1066 383 774 94 260 330 120 2039 451 595 391 1353 463 12 428 765 424 582 206 156 325 536 133 418 238 1498 Hop 2 | . . . . . . . . . . . . . . . . . . . . . . . . . . . . . . . 2 . Pick Up 207 | . 2 2 1 4 5 11 12 1 7 . 1 2 3 43 1 2 8 37 . . 12 3 7 . 4 2 3 3 . 2 5 24 Fast Attach 237 | 6 1 . . 1 7 9 19 1 . 3 . 7 1 35 2 4 8 24 2 . 7 3 3 4 3 4 1 9 . 5 12 56 Attach 82 | . . . . . 2 2 4 . . . . 4 . 13 . 1 6 10 1 . . 2 2 1 . 1 2 1 . . 14 16 Detach 39 | . . . . . . . 4 . . . . . . 4 . . 2 6 . . 1 1 1 3 1 1 1 1 . . 2 11 Swap 173 | . 1 . . 4 1 18 4 1 . . . 1 2 24 7 10 9 16 . . 2 11 3 5 4 4 13 6 . 4 9 14 Drop 369 | . . 1 . 2 11 11 16 2 7 3 1 8 2 58 2 4 10 66 3 . 16 12 9 11 8 11 5 23 . 11 18 38 Fire 1166 | . 4 1 . 6 . 113 70 4 3 . 21 27 9 119 16 26 124 73 24 . 65 101 40 48 17 15 61 15 8 51 57 48 Melee 98 | . . . . . . . . . . . . . . 47 . . . . . . . . . . . . . . . . 2 49 Ram . | . . . . . . . . . . . . . . . . . . . . . . . . . . . . . . . . . Kick 5 | . . . . . . . . . . . . . . . . . . . . . . . . 2 . 1 1 . . . 1 . Crush . | . . . . . . . . . . . . . . . . . . . . . . . . . . . . . . . . . Escape Stasis 87 | . . . . . . 32 . . . . . . . . . . . . . . 11 . . 10 . . . . . 20 14 . Rewire 224 | . . . . . . 40 1 . . . 3 1 . 1 . 4 . . . . 28 . . 146 . . . . . . . . Trap . | . . . . . . . . . . . . . . . . . . . . . . . . . . . . . . . . . Miscellaneous 41 | . . . . . . . . . . . . . . . . . 27 . . . . . . . 8 . 6 . . . . . Route ------- -11/Scrapyard -10/Materials -10/Mines -10/Exiles -9/Mines (discovered 2 exits: *Mat x2) -8/Materials -8/Garrison (discovered 4 exits: *Fac x3 / [*Mat]) -7/Factory -7/Lower Caves -7/Lower Caves -7/Data Miner -6/Proximity Caves -6/Factory (discovered 2 exits: *Low x2) -6/Waste -6/Factory (discovered 4 exits: *Fac x2 / *Low x2) -6/Lower Caves -6/Lower Caves (discovered 2 exits: *Fac / *Zio) -6/Zion (discovered 2 exits: [*Dee] / *Pro) -6/Deep Caves -5/Proximity Caves -5/Factory (discovered 2 exits: Fac / Gar) -5/Garrison -5/Factory -4/Factory (discovered 6 exits: *Res / *Upp x2 / *Ext x2 / Arm) -4/Extension (discovered 3 exits: *Res x2 / *Cet) -4/Cetus (discovered 2 exits: *Res / *Arc) -4/Archives (discovered 3 exits: *Res / *Hub x2) -4/Hub_04(d) (discovered 3 exits: *Res x3) -3/Research (discovered 5 exits: *Res x3 / Qua x2) -2/Research (discovered 2 exits: [*Tes] / Gar) -2/Garrison (discovered 3 exits: [*Tes x3]) -2/Testing -1/Access To Epsilon Eridani History --------- Turn | Location | Event 24 | -11/Scrapyard | Discovered new exit (range 15) 42 | -11/Scrapyard | Entered Materials 133 | -10/Materials | Discovered new exit (range 16) 146 | -10/Materials | Met 8R-AWN 160 | -10/Materials | Entered Mines 161 | -10/Mines | Followed 8R-AWN into the Mines 267 | -10/Mines | Discovered new exit (range 5) 271 | -10/Mines | Entered Exiles 296 | -10/Exiles | Welcomed by 8R-AWN 308 | -10/Exiles | Build established: Mutant 314 | -10/Exiles | Met EX-HEX 342 | -10/Exiles | Met EX-BIN 353 | -10/Exiles | Aligned with FarCom system 354 | -10/Exiles | Given EX-Vault access code 377 | -10/Exiles | Opened EX-Vault 386 | -10/Exiles | Found Latent Energy Streamer 408 | -10/Exiles | Warned to stay clear of 0b10 Research branches 436 | -10/Exiles | Met EX-DEC 472 | -10/Exiles | Discovered new exit (range 12) 483 | -10/Exiles | Left Exiles lab with Latent Energy Streamer 483 | -10/Exiles | Entered Mines 484 | -9/Mines | Assembled infested the area 664 | -9/Mines | Learned Materials terminal intel 728 | -9/Mines | Learned location of Storage (-7) 1124 | -9/Mines | Discovered new exit (range 5) 1136 | -9/Mines | Identified exit to Materials 1144 | -9/Mines | Assisted by bots powering up and referring to "LRC-V3" 1152 | -9/Mines | Entered Materials 1152 | -8/Materials | Accompanied by 3 allies 1152 | -8/Materials | Evolved 4 slots: Propulsion x1, Utility x2, Weapon x1 1153 | -8/Materials | Loaded intel: 12 terminal locations 1263 | -8/Materials | Identified exit to Garrison 1263 | -8/Materials | Entered Garrison 1263 | -8/Garrison | Accompanied by 3 allies 1279 | -8/Garrison | Triggered checkpoint 1340 | -8/Garrison | Triggered checkpoint 1378 | -8/Garrison | Discovered new exit (range 6) 1483 | -8/Garrison | Garrison Relay disabled 1571 | -8/Garrison | Triggered checkpoint 1604 | -8/Garrison | Triggered checkpoint 1703 | -8/Garrison | Build established: Commander-Skirmisher 1985 | -8/Garrison | Garrison Relay disabled 2008 | -8/Garrison | Discovered new exit (range 13) 2028 | -8/Garrison | Installed Relay Interface Framework 2131 | -8/Garrison | Spotted B-75 Beast 2134 | -8/Garrison | Spotted B-75 Beast 2190 | -8/Garrison | Lost 3 allies 2216 | -8/Garrison | Lost 3 parts (1n2w) 2302 | -8/Garrison | Destroyed B-75 Beast 2339 | -8/Garrison | Destroyed B-75 Beast 2471 | -8/Garrison | Discovered new exit (range 7) 2571 | -8/Garrison | Triggered checkpoint 2593 | -8/Garrison | Garrison Relay disabled 2606 | -8/Garrison | Learned Factory security intel 2671 | -8/Garrison | Triggered checkpoint 2694 | -8/Garrison | System corruption reached 10% 2708 | -8/Garrison | Build established: Scavenger-Skirmisher 2709 | -8/Garrison | Garrison Relay disabled 2883 | -8/Garrison | Triggered checkpoint 2920 | -8/Garrison | Garrison Relay disabled 2939 | -8/Garrison | Discovered new exit (range 8) 3031 | -8/Garrison | Entered Factory 3031 | -7/Factory | Accompanied by 2 allies 3031 | -7/Factory | Evolved 2 slots: Utility x2 3190 | -7/Factory | Discovered new exit (range 8) 3399 | -7/Factory | Build established: Scavenger-Tank 3474 | -7/Factory | Found Prototype Launcher 3474 | -7/Factory | Identified Rocket Array 3477 | -7/Factory | Found Rocket Array 3479 | -7/Factory | Found Rocket Array 3482 | -7/Factory | Found Rocket Array 3484 | -7/Factory | Found Rocket Array 3655 | -7/Factory | Repaired Lyr. Medium Armor Plating 3760 | -7/Factory | Repaired Lyr. Medium Armor Plating 3831 | -7/Factory | First assault squad dispatched 3969 | -7/Factory | Central database locked down 4071 | -7/Factory | Destroyed 9 combat bots 4602 | -7/Factory | Identified exit to Lower Caves 4741 | -7/Factory | Entered Lower Caves 4786 | -7/Lower Caves | Encountered a Warlord checkpoint 4857 | -7/Lower Caves | Learned location of Zion (-6) 4978 | -7/Lower Caves | Learned Factory interactive machine intel 5064 | -7/Lower Caves | Build established: Tank 5151 | -7/Lower Caves | Discovered new exit (range 3) 5153 | -7/Lower Caves | Identified exit to Lower Caves 5237 | -7/Lower Caves | Entered another Lower Caves area 5756 | -7/Lower Caves | Discovered new exit (range 10) 5766 | -7/Lower Caves | Identified exit to Data Miner 5881 | -7/Lower Caves | Build established: Bothacker-Bomber 6024 | -7/Lower Caves | Learned Factory terminal intel 6220 | -7/Lower Caves | Entered Data Miner 6222 | -7/Data Miner | Discovered new exit (range 6) 6227 | -7/Data Miner | Identified exit to Proximity Caves 6243 | -7/Data Miner | Met Data Miner 6266 | -7/Data Miner | Learned location of Section 7 (-2) 6266 | -7/Data Miner | Acquired the access code to Warlord's prototype stash 6285 | -7/Data Miner | Received God Mode back door access code from Data Miner 6331 | -7/Data Miner | Entered Proximity Caves 6538 | -6/Proximity Caves | Attracted the attention of an 0b10 outpost 6587 | -6/Proximity Caves | Destroyed 12 combat bots 6599 | -6/Proximity Caves | Discovered new exit (range 14) 6615 | -6/Proximity Caves | Identified exit to Factory 6756 | -6/Proximity Caves | Entered Factory 6756 | -6/Factory | Accompanied by 2 allies 6756 | -6/Factory | Evolved 2 slots: Propulsion x1, Utility x1 6757 | -6/Factory | Loaded intel: 52 interactive machine locations 6758 | -6/Factory | Loaded intel: 26 terminal locations 6844 | -6/Factory | Central database locked down 6991 | -6/Factory | Discovered new exit (range 15) 7045 | -6/Factory | Identified exit to Lower Caves 7143 | -6/Factory | Incoming investigation squad redirected 7165 | -6/Factory | Repaired Lyr. Medium Armor Plating? 7286 | -6/Factory | Sucked down chute 7286 | -6/Factory | Entered Waste 7287 | -6/Waste | Met a frightened Derelict 7299 | -6/Waste | Found Quantum Capacitor 7301 | -6/Waste | EMP discharged 7301 | -6/Waste | System corruption reached 10% 7307 | -6/Waste | Spotted C-40 Crusher 7322 | -6/Waste | Destroyed C-40 Crusher 7333 | -6/Waste | Spotted C-40 Crusher 7333 | -6/Waste | Spotted C-40 Crusher 7337 | -6/Waste | Destroyed C-40 Crusher 7344 | -6/Waste | Destroyed C-40 Crusher 7355 | -6/Waste | Spotted C-40 Crusher 7364 | -6/Waste | Destroyed C-40 Crusher 7373 | -6/Waste | Spotted C-40 Crusher 7396 | -6/Waste | Spotted C-40 Crusher 7397 | -6/Waste | Destroyed C-40 Crusher 7401 | -6/Waste | EMP discharged 7404 | -6/Waste | Destroyed C-40 Crusher 7447 | -6/Waste | Discovered new exit (range 13) 7487 | -6/Waste | Entered Factory 7645 | -6/Factory | Incoming investigation squad redirected 7911 | -6/Factory | Repaired Corrupted Hyp. Gauss Cannon 7984 | -6/Factory | Repaired Quantum Capacitor 8048 | -6/Factory | Build established: Bothacker-Skirmisher 8115 | -6/Factory | Central database locked down 8265 | -6/Factory | System corruption reached 30% 8340 | -6/Factory | Garrison activated, responded to threat 8410 | -6/Factory | Build established: Bothacker-Assassin 8478 | -6/Factory | Discovered exit to Lower Caves (range 6) 8802 | -6/Factory | Incoming investigation squad redirected 9130 | -6/Factory | Discovered new exit (range 13) 9185 | -6/Factory | Incoming investigation squad redirected 9252 | -6/Factory | Discovered new exit (range 15) 9359 | -6/Factory | Garrison activated, responded to threat 9437 | -6/Factory | Found Unknown Protection 9437 | -6/Factory | Identified Hvy. Reactive Plating 9595 | -6/Factory | P-70 Sage assimilated allied Soldier 5c 9783 | -6/Factory | Build established: Bothacker-Bomber 9911 | -6/Factory | Allied Derelicts emerged from ambush trap array 10391 | -6/Factory | Cargo convoy interrupted 10661 | -6/Factory | Entered Lower Caves 10661 | -6/Lower Caves | Accompanied by 1 ally 10963 | -6/Lower Caves | Build established: Bomber 11173 | -6/Lower Caves | Entered a destroyed Warlord outpost 11202 | -6/Lower Caves | Discovered new exit (range 14) 11213 | -6/Lower Caves | Identified exit to Lower Caves 11279 | -6/Lower Caves | Entered another Lower Caves area 11382 | -6/Lower Caves | Learned location of Extension (-4) 11399 | -6/Lower Caves | Discovered new exit (range 6) 11407 | -6/Lower Caves | Identified exit to Factory 11747 | -6/Lower Caves | Learned 8 Factory zone layouts 11763 | -6/Lower Caves | Attracted the attention of an 0b10 outpost 11807 | -6/Lower Caves | Build established: Derelict-Bomber 11808 | -6/Lower Caves | Destroyed 7 combat bots 12105 | -6/Lower Caves | Discovered new exit (range 10) 12115 | -6/Lower Caves | Identified exit to Zion 12132 | -6/Lower Caves | Attacked by a delusional Derelict stockpiling parts 12162 | -6/Lower Caves | Entered Zion 12162 | -6/Zion | Accompanied by 2 allies 12204 | -6/Zion | Discovered new exit (range 21) 12233 | -6/Zion | Learned Factory terminal intel 12269 | -6/Zion | Given the Hacking Drone Bay 12285 | -6/Zion | Identified exit to Proximity Caves 12337 | -6/Zion | System corruption cleaned by Quarantine Array 12385 | -6/Zion | RIF detected upon attempting to enter Zion 12385 | -6/Zion | Attacked by Zionites 12387 | -6/Zion | Spotted TR-68A(B) 12387 | -6/Zion | Spotted 4Y-F9L(B) 12393 | -6/Zion | Allies destroyed TR-68A(B) 12394 | -6/Zion | Allies destroyed 4Y-F9L(B) 12494 | -6/Zion | Destroyed Imprinter 12608 | -6/Zion | Build established: Tank 12890 | -6/Zion | Lost 3 parts (1p2n) 12911 | -6/Zion | Build established: Gunner 13036 | -6/Zion | Discovered new exit (range 5) 13039 | -6/Zion | Saw the warning signs outside the Deep Caves entrance 13045 | -6/Zion | Entered Deep Caves 13191 | -6/Deep Caves | Z-Facility disabled 13228 | -6/Deep Caves | Found Prototype Protection 13228 | -6/Deep Caves | Identified Zio. Weapon Casing 13230 | -6/Deep Caves | Lost 5 parts (3n2u) 13374 | -6/Deep Caves | Found Zio. Weapon Casing 13445 | -6/Deep Caves | Found Prototype Protection 13445 | -6/Deep Caves | Identified Zio. Heavy Carapace 13448 | -6/Deep Caves | Found Zio. Weapon Casing 13522 | -6/Deep Caves | Found Zio. Weapon Casing 13676 | -6/Deep Caves | Build established: Mutant 13695 | -6/Deep Caves | Spotted AG-01109 13713 | -6/Deep Caves | Destroyed AG-01109 13741 | -6/Deep Caves | Lost 3 parts (2n1u) 14216 | -6/Deep Caves | Discovered new exit (range 6) 14236 | -6/Deep Caves | Build established: Scavenger-Tank 14423 | -6/Deep Caves | Spotted AG-77793 14517 | -6/Deep Caves | Exposed GOLEM chamber 14518 | -6/Deep Caves | Triggered Deep Caves wall 14522 | -6/Deep Caves | Found Unknown Device 14599 | -6/Deep Caves | Identified GOLEM Unit 15044 | -6/Deep Caves | Found Zio. Weapon Casing 15151 | -6/Deep Caves | Entered Proximity Caves 15302 | -5/Proximity Caves | Build established: Golem 15309 | -5/Proximity Caves | Received a Behemoth hack from an annoying Tinkerer 15554 | -5/Proximity Caves | Core integrity fell below 50% 15595 | -5/Proximity Caves | Learned Factory stockpile data 16219 | -5/Proximity Caves | Discovered exit to Factory (range 16) 16249 | -5/Proximity Caves | Entered Factory 16249 | -5/Factory | Evolved 2 slots: Power x1, Utility x1 16250 | -5/Factory | Identified exit to Factory 16252 | -5/Factory | Loaded intel: 26 terminal locations 16271 | -5/Factory | Identified exit to Garrison 16271 | -5/Factory | Entered Garrison 16311 | -5/Garrison | Crushed by falling debris 16325 | -5/Garrison | Expanded RIF knowledge: Signal Jamming 16469 | -5/Garrison | Phase Generator disabled 16613 | -5/Garrison | Triggered checkpoint 16629 | -5/Garrison | Garrison Relay disabled 16809 | -5/Garrison | Destroyed 11 combat bots 16815 | -5/Garrison | Lost 4 parts (1n2u1w) 16917 | -5/Garrison | Garrison Relay disabled 17017 | -5/Garrison | Triggered checkpoint 17237 | -5/Garrison | Triggered checkpoint 17267 | -5/Garrison | Garrison Relay disabled 17339 | -5/Garrison | Discovered new exit (range 10) 17422 | -5/Garrison | Entered Factory 17422 | -5/Factory | Accompanied by 2 allies 18229 | -5/Factory | Assembled infested ambush trap array 18259 | -5/Factory | Incoming assault squad redirected 18322 | -5/Factory | First assault squad dispatched 18324 | -5/Factory | Build established: Bothacker-Golem 18773 | -5/Factory | P-70 Sage assimilated allied Veteran 6a 19139 | -5/Factory | P-70 Sage assimilated allied Soldier 6b 19190 | -5/Factory | System corruption reached 10% 19245 | -5/Factory | Discovered exit to Factory (range 12) 19326 | -5/Factory | Entered another Factory area 19326 | -4/Factory | Evolved 2 slots: Utility x2 19457 | -4/Factory | Discovered new exit (range 8) 19646 | -4/Factory | Discovered new exit (range 6) 19767 | -4/Factory | Identified exit to Upper Caves 19767 | -4/Factory | Identified exit to Extension 19767 | -4/Factory | Identified exit to Armory 19826 | -4/Factory | First assault squad dispatched 19927 | -4/Factory | Incoming assault squad redirected 19982 | -4/Factory | Destroyed 8 combat bots 20310 | -4/Factory | Entered Extension 20388 | -4/Extension | Rescued a captive Derelict 20393 | -4/Extension | Rescued a captive Derelict 20422 | -4/Extension | Rescued a captive Derelict 20422 | -4/Extension | Rescued a captive Derelict 20451 | -4/Extension | Rescued a captive Derelict 20494 | -4/Extension | Rescued a captive Derelict 20495 | -4/Extension | Rescued a captive Derelict 20522 | -4/Extension | Rescued A7 20633 | -4/Extension | Energy Cycler disabled 20633 | -4/Extension | Rescued a captive Derelict 20633 | -4/Extension | Rescued a captive Derelict 20634 | -4/Extension | Rescued a captive Derelict 20635 | -4/Extension | Rescued a captive Derelict 20636 | -4/Extension | Rescued a captive Derelict 20639 | -4/Extension | Rescued a captive Derelict 20644 | -4/Extension | Rescued a captive Derelict 20648 | -4/Extension | Rescued a captive Derelict 20652 | -4/Extension | Rescued a captive Derelict 21068 | -4/Extension | Spotted B-86 Titan 21071 | -4/Extension | Allies destroyed B-86 Titan 21094 | -4/Extension | Discovered new exit (range 15) 21094 | -4/Extension | Spotted B-86 Titan 21106 | -4/Extension | Allies destroyed B-86 Titan 21157 | -4/Extension | Lost 3 allies 21668 | -4/Extension | Discovered new exit (range 10) 21683 | -4/Extension | Build established: Commander-Golem 21686 | -4/Extension | Discovered new exit (range 6) 21794 | -4/Extension | Entered Cetus 21794 | -4/Cetus | Accompanied by 27 allies (A7) 21799 | -4/Cetus | Acquired a Cetus Manufacturing Module code from A7 21817 | -4/Cetus | Spotted Cetus Guard 21817 | -4/Cetus | Spotted Cetus Guard 21818 | -4/Cetus | Spotted Cetus Guard 21818 | -4/Cetus | Spotted Cetus Guard 21822 | -4/Cetus | Destroyed Cetus Guard 21842 | -4/Cetus | Allies destroyed Cetus Guard 21849 | -4/Cetus | Allies destroyed Cetus Guard 21854 | -4/Cetus | Destroyed Cetus Guard 21883 | -4/Cetus | Lost 7 allies 21952 | -4/Cetus | Started Cetus Manufacturing Module 21977 | -4/Cetus | Manufactured an Enhanced Grunt 21987 | -4/Cetus | Escorted A7 to Cetus Mainframe 22002 | -4/Cetus | Manufactured an Enhanced Grunt 22027 | -4/Cetus | Manufactured an Enhanced Grunt 22052 | -4/Cetus | Manufactured an Enhanced Grunt 22077 | -4/Cetus | Manufactured an Enhanced Grunt 22107 | -4/Cetus | Discovered new exit (range 15) 22153 | -4/Cetus | Spotted Cetus Guard 22154 | -4/Cetus | Spotted Cetus Guard 22154 | -4/Cetus | Spotted Cetus Guard 22167 | -4/Cetus | Allies destroyed Cetus Guard 22169 | -4/Cetus | Destroyed Cetus Guard 22173 | -4/Cetus | Destroyed Cetus Guard 22192 | -4/Cetus | Lost 3 allies 22201 | -4/Cetus | Discovered new exit (range 15) 22213 | -4/Cetus | Met Revision 17 22490 | -4/Cetus | Entered Archives 22490 | -4/Archives | Accompanied by 22 allies (A7) 22495 | -4/Archives | Received a hacking code to weaken MAIN.C 22551 | -4/Archives | Lost 3 allies 22572 | -4/Archives | Unable to access archive contents 22595 | -4/Archives | Unable to access archive contents 22612 | -4/Archives | Discovered new exit (range 15) 22637 | -4/Archives | Discovered new exit (range 14) 22743 | -4/Archives | Discovered new exit (range 15) 23012 | -4/Archives | Entered Hub_04(d) 23012 | -4/Hub_04(d) | Accompanied by 18 allies 23190 | -4/Hub_04(d) | Discovered new exit (range 8) 23327 | -4/Hub_04(d) | Discovered new exit (range 14) 23533 | -4/Hub_04(d) | Network Hub disabled 23568 | -4/Hub_04(d) | Spotted Lightning 23569 | -4/Hub_04(d) | Spotted Lightning 23571 | -4/Hub_04(d) | Spotted Lightning 23574 | -4/Hub_04(d) | Spotted Lightning 23579 | -4/Hub_04(d) | Spotted Lightning 23580 | -4/Hub_04(d) | Spotted Lightning 23584 | -4/Hub_04(d) | System corruption reached 10% 23585 | -4/Hub_04(d) | Destroyed Lightning 23588 | -4/Hub_04(d) | Destroyed Lightning 23588 | -4/Hub_04(d) | Allies destroyed Lightning 23590 | -4/Hub_04(d) | Allies destroyed Lightning 23593 | -4/Hub_04(d) | Allies destroyed Lightning 23606 | -4/Hub_04(d) | Destroyed Lightning 23631 | -4/Hub_04(d) | Lost 13 allies 23714 | -4/Hub_04(d) | Discovered new exit (range 20) 23762 | -4/Hub_04(d) | First assault squad dispatched 23851 | -4/Hub_04(d) | Entered Research 23851 | -3/Research | Evolved 2 slots: Utility x2 24051 | -3/Research | Revision forces began assault on 0b10 24117 | -3/Research | Met up with Revision 17++ 24167 | -3/Research | Identified exit to Research 24167 | -3/Research | Identified exit to Quarantine 24167 | -3/Research | Imp. Hacking Suite fried by hacking feedback 24206 | -3/Research | Build established: Golem 24216 | -3/Research | Found Exp. Targeting Computer 24430 | -3/Research | Found Prototype Processor 24430 | -3/Research | Identified Exp. Signal Interpreter 24551 | -3/Research | Research terminal network offline 24860 | -3/Research | Lost 5 allies 24978 | -3/Research | Entered another Research area 24978 | -2/Research | Evolved 2 slots: Utility x2 25014 | -2/Research | Discovered new exit (range 3) 25033 | -2/Research | Build established: Scavenger-Golem 25254 | -2/Research | Identified exit to Garrison 25261 | -2/Research | Entered Garrison 25319 | -2/Garrison | Triggered checkpoint 25369 | -2/Garrison | Discovered new exit (range 78) 25369 | -2/Garrison | Discovered new exit (range 73) 25369 | -2/Garrison | Discovered new exit (range 45) 25476 | -2/Garrison | Spotted B-90 Cyclops 25481 | -2/Garrison | Triggered checkpoint 25529 | -2/Garrison | Destroyed B-90 Cyclops 25775 | -2/Garrison | Triggered checkpoint 25784 | -2/Garrison | Expanded RIF knowledge: Patrol Navigation 25951 | -2/Garrison | Rescued a captive Derelict 25963 | -2/Garrison | Spotted B-90 Cyclops 26108 | -2/Garrison | Garrison Relay disabled 26279 | -2/Garrison | Entered Testing 26280 | -2/Testing | Maximum security lockdown engaged 26301 | -2/Testing | Found Prototype Energy Cannon 26301 | -2/Testing | Identified Null Cannon 26329 | -2/Testing | Build established: Golem 26388 | -2/Testing | Found Prototype Device 26388 | -2/Testing | Identified AEGIS Remote Shield 26476 | -2/Testing | Found Portable AFG 26597 | -2/Testing | Spotted Investigator 26599 | -2/Testing | Scanned by Researcher 26605 | -2/Testing | Spotted Striker 26610 | -2/Testing | Destroyed 8 combat bots 26611 | -2/Testing | Destroyed Striker 26668 | -2/Testing | Destroyed Investigator 26680 | -2/Testing | Lost 6 parts (4u2w) 26733 | -2/Testing | Spotted Executioner 26738 | -2/Testing | Crushed by falling debris 26756 | -2/Testing | Spotted Executioner 26773 | -2/Testing | Spotted Striker 26773 | -2/Testing | Spotted Striker 26780 | -2/Testing | System corruption reached 10% 26782 | -2/Testing | Destroyed Striker 26798 | -2/Testing | Core integrity fell below 50% 26803 | -2/Testing | Destroyed 8 combat bots 26844 | -2/Testing | Lost 15 parts (2p6n5u2w) 26849 | -2/Testing | Discovered new exit (range 4) 26854 | -2/Testing | Entered Access 26854 | -1/Access | Evolved 2 slots: Propulsion x2 27104 | -1/Access | First assault squad dispatched 27214 | -1/Access | Found Prototype Device 27214 | -1/Access | Identified Exp. Transmission Jammer 27218 | -1/Access | P-80 Master assimilated allied Warden 10a 27370 | -1/Access | Found Prototype Launcher 27472 | -1/Access | Identified Enh. Gamma Bomb Array 27551 | -1/Access | System corruption reached 10% 27581 | -1/Access | Lost 6 parts (1p1n3u1w) 27621 | -1/Access | Incoming assault squad redirected 27698 | -1/Access | Incoming investigation squad redirected 27761 | -1/Access | Identified exit to Surface 27869 | -1/Access | Incoming assault squad redirected 27979 | -1/Access | Fabricated Lgt. Regenerative Plating? 28085 | -1/Access | Unchained authorized (6S-H0T) 28205 | -1/Access | Build established: Wizard-Gladiator 28281 | -1/Access | Lost 6 parts (3n3u) 28366 | *** | Escaped! Last Messages --------------- 28254_ The unstable cave ceiling collapses. 28262_ Acquired Imp. Antigrav System. 28265_ Acquired Cmb. Linear Gravjet. 28268_ Acquired Imp. Antigrav System. 28272_ System corrupted: Heat flow error (+108). 28272_ Acquired Adv. Remote Datajack. 28288_ System corrupted: Matter fused (-8). 28293_ Dropped Exp. Matter Compressor. 28294_ Extracted 199 matter. 28295_ Acquired Exp. Matter Compressor. 28340_ W-44 Eye suffers critical hit (Blast). 28340_ Destroyed Lgt. Antimatter Reactor. 28342_ System corrupted: Com. Linear Accelerator jammed. 28344_ PA UZSTGIP%OQL3YLZKFCZ 28355_ Connecting with Terminal... >>Open(Door) Sealed Barrier opened. 28359_ The Access Shell folds into the floor. [Achievement: Torch] Map ----- +----------------------------------------------------+ | ?????????????????????????????????????????????????? | | ?????????????????????????????????????????????????? | | ?????????????????????????????????????????????????? | | ?????????????????????????????????????????????????? | | ?????????????????????????????????????????????????? | | ?????????????????????????????????????????????????? | | ?????????????????????????????????????????????????? | | ?????????????????????????????????????????????????? | | ?????????????????????????????????????????????????? | | ?????????????????????????????????????????????????? | | ?????????????????????????????????????????????????? | | ?????????????????????????????????????????????????? | | ?????????????????????????????????????????????????? | | ?????????????????????????????????????????????????? | | ?????????????????????BB????BB????????????????????? | | ?????????????????????BB????BB????????????????????? | | ?????????????????????????????????????????????????? | | ?????????????????????????????????????????????????? | | ?????????????????????????????????????????????????? | | ?????????????????????????????????????????????????? | | ???????????????????#""""""""""#??????????????????? | | ???????????????????# #??????????????????? | | ???????????????????# #??????????????????? | | ???????????????????# #??????????????????? | | ???????????????????# "" #??????????????????? | | ???????????????????# "@ #??????????????????? | | ???????????????????# #??????????????????? | | ???????????????????# #??????????????????? | | ???????????????????# #??????????????????? | | ??????????????????## ##?????????????????? | | ??????????????????# #?????????????????? | | ??????????????????##"" ##?????????????????? | | ???????????????????#"" #??????????????????? | | ???????????????????#"" #??????????????????? | | ???????????????????#T #??????????????????? | | ???????????????????#"" #??????????????????? | | ???????????????????#"" #??????????????????? | | ?????????????#######"" #####+##???????????? | | ????????? ????????? | | ?????????" ????????? | | ???????????###############;###########???????????? | | ??????????????############"#?????????????????????? | | ??????????????# #?????????????????????? | | ??????????? % + #?????????????????????? | | ??????????????# #?????????????????????? | | ??????????????# #?????????????????????? | | ??????????????# " #?????????????????????? | | ??????????????# """" #?????????????????????? | | ??????????????#% """"" #?????????????????????? | | ??????????????# """""##????????????????????? | +----------------------------------------------------+ Best States ------------- Heat Dissipation 116 Coolant Potential 240 Energy Generation 45 Energy Capacity 1500 Matter Stores 300 Matter Capacity 300 Sight Range 22 Terrain Scan Range 20 Terrain Scan Density 10 ECM Strength 2 Jamming Range 22 Cloak Strength 4 Additional Mass Support 20 Corruption Containment 8 Armor Coverage 1375 Resistance: KI 40 Resistance: TH 30 Resistance: EX 15 Resistance: EM 20 Resistance: I 15 Resistance: S 15 Resistance: P 15 Propulsion Shielding 66 Weapon Shielding 100 Phase Shifting 15 Evasion (%) 69 Targeting Accuracy 20 Melee Accuracy 18 Target Analysis 12 Core Analysis 8 Recoil Reduction 4 Energy Filtering 30 Particle Charging 25 Salvage Targeting 8 Offensive Hacking 36 Defensive Hacking 30 Relay Coupler Types 3 Relay Coupler Value 53 Trap Extractor Capacity 8 Item Schematics ----------------- Arm. Huge Wheel | -7/Factory | Scanalyzed Combat Drone Bay | -7/Data Miner | Free Lgt. Regenerative Plating | -7/Data Miner | Free Cld. Aerolev Unit | -7/Data Miner | Free Exp. Targeting Computer | -7/Data Miner | Free Force Rifle | -7/Data Miner | Free Field Propulsion Drive | -7/Data Miner | Free Mni. Drone Bay | -7/Data Miner | Free Adv. Plasma Cannon | -7/Data Miner | Free Imp. Particle Charger | -7/Data Miner | Free Imp. Component Analysis Suite | -7/Data Miner | Free Imp. Weapon Cycler | -7/Data Miner | Free Antimatter Reactor | -7/Data Miner | Free Imp. Cloaking Device | -7/Data Miner | Free Matter Filter | -6/Factory | Hacked Com. Matter Pod | -6/Factory | Scanalyzed Rocket Array | -6/Factory | Scanalyzed Riot Gun | -6/Zion | Free Hvy. Beamcaster | -6/Zion | Free Adv. Cryofiber Web | -4/Hub_04(d) | Hacked Robot Schematics ------------------ M-14 Sweeper | -7/Data Miner | Free I-36 Angel | -7/Data Miner | Free D-53 Grenadier | -7/Data Miner | Free E-15 Imp | -7/Data Miner | Free L-41 Fighter | -7/Data Miner | Free A-15 Conveyor | -7/Data Miner | Free G-50 Soldier | -7/Data Miner | Free P-60 Hacker | -7/Data Miner | Free Fabricated ------------ Lgt. Regenerative Plating | x1 | -1/Access Repaired ---------- Lyr. Medium Armor Plating | 16% | -7/Factory Lyr. Medium Armor Plating | 24% | -7/Factory Lyr. Medium Armor Plating | 27% | -6/Factory Hyp. Gauss Cannon | 14% | -6/Factory | Corrupted Quantum Capacitor | 11% | -6/Factory Studied --------- Wheel | -7/Factory | Hacked Arm. Huge Wheel | -7/Factory | Hacked Hyp. Gauss Cannon | -6/Factory | Hacked Gatling Laser | -6/Factory | Hacked Hyp. Coil Gun | -6/Factory | Hacked Alien Tech Used ----------------- None Achievements -------------- Follow The Leader Monster Physics Hates This One Trick Torch Challenges ------------ None Game ------ Seed BraceInsulatedMagmablaster Manual? 0 Play Time 05:47:09 Cumulative 325.4 hours Start 2025.12.22 @ 03:42:25 End 2025.12.22 @ 20:48:00 Sessions 3 Manual Loads 0 Difficulty Rogue Special Mode None Game No. 118 Rogue 118 Adventurer 0 Explorer 0 Win Type 0 Total 5 Types 3/0/0/0/0/0/0/1/0/1 Lore% 76 Gallery% 71 Achievement% 61 Wizard Run 0 Options --------- Layout 1 ASCII 0 Keyboard 0 Movement Mouse Keybinds 0 Fullscreen 2 Font 32/SmallcapsGlow Map View 50x35 Zoom Use 0% Tactical HUD 1 Map Filters NONE Filters NONE Steam 1 RUN: 51b0139b-4ba2-4c2c-ac04-d6a492f5941d